 Dungeon Crawl Stone Soup version 0.30-a0-341-g682706514a (webtiles) character file.

Game seed: 9750067464415658013

14317269 decrepitude the Conqueror (level 27, 224/224 HPs)
             Began as an Octopode Transmuter on Nov 1, 2022.
             Was an Initiate of Gozag.
             Escaped with the Orb
             ... and 15 runes on Nov 2, 2022!
             The game lasted 05:37:32 (110367 turns).

decrepitude the Conqueror (Octopode Transmuter)   Turns: 110367, Time: 05:37:33

Health: 224/224    AC: 27    Str: 31    XL:     27
Magic:  60/60      EV: 44    Int: 31    God:    Gozag
Gold:   18193      SH:  0    Dex: 19    Spells: 8/75 levels left

rFire   + + +      SeeInvis +      - Unarmed
rCold   + + +      Faith    .    (shield currently unavailable)
rNeg    + + +      Spirit   .    (helmet currently unavailable)
rPois   ∞          Reflect  .    W - amulet of Cihuffy {Fragile rPois rC+++ Regen+ Int+4}
rElec   +          Harm     .    K - ring "Zeadam" {rF+++ rN+ Dex+5 Slay+2}
rCorr   +          Rampage  .    j - ring "Packi" {rN+ MP+9 Str+4 SInv}
Will    +++++                    Z - ring of Ginoucae {AC+4 Str+7 Dex-5 Slay+4 Stlth-}
Stlth   +.........               X - ring of Feplof {rF+ Will++ Dex+6 Slay+2}
HPRegen 1.37/turn                D - ring "Reff" {Str+4 SInv}
MPRegen 0.37/turn                g - ring "Zeus" {rPois rN++ rCorr Str+6 Int-2}
                                 P - ring of Gefuh {Fly rF+ Int+3 SInv}
                                 N - ring of Sasougiuwu {Wiz rF- rN+ Will+ Slay+3}

@: storm-form (expiring), flying, studying 3 skills, bribing [the Dungeon, the
Realm of Zot, the Depths]
A: cleaving, insubstantial, flying, almost no armour, amphibious, 8 rings,
(camouflage 1), (gelatinous body 1), (nimble swimmer 1), (tentacles), (fire
resistance 1), mutation resistance 1, weak 1, inability to drink after injury 2
0: Orb of Zot
}: 15/15 runes: decaying, slimy, silver, golden, iron, obsidian, icy, bone,
abyssal, demonic, glowing, magical, fiery, dark, gossamer
a: Blinkbolt, End Transformation, Renounce Religion, Potion Petition, Call
Merchant, Bribe Branch


You escaped.
You worshipped Gozag.
Gozag was extremely pleased with you.
You were a lightning-filled tempest!
You visited 18 branches of the dungeon, and saw 88 of its levels.
You visited Pandemonium 1 time, and saw 22 of its levels.
You visited the Abyss 3 times.
You also visited: Ice Cave.

You collected 62152 gold pieces.
You spent 9688 gold pieces at shops.
You paid 34271 gold pieces to Gozag.

Inventory:

Hand Weapons
 b - the +3 Elemental Staff (melded) {rElec rF++ rC++ AC+5}
   (You bought it in a shop on level 7 of the Dungeon)

   If the wielder is skilled in Evocations, they can discharge powerful blasts
   of elemental energy when striking with it.
   It enhances your fire, ice, earth and air magic.
   AC:        It affects your AC (+5).
   rF:        It greatly protects you from fire.
   rC:        It greatly protects you from cold.
   rElec:     It insulates you from electricity.
Missiles
 H - 15 curare-tipped darts
 J - 4 throwing nets
Jewellery
 g - the ring "Zeus" (on tentacle) {rPois rN++ rCorr Str+6 Int-2}
   (You took it off a tengu reaver on level 5 of the Vaults)

   [ring of strength]

   Str:       It affects your strength (+6).
   Int:       It affects your intelligence (-2).
   rPois:     It protects you from poison.
   rN:        It greatly protects you from negative energy.
   rCorr:     It protects you from acid and corrosion.
 j - the ring "Packi" (right tentacle) {rN+ MP+9 Str+4 SInv}
   (You found it on level 2 of the Vaults)

   [ring of positive energy]

   Str:       It affects your strength (+4).
   rN:        It protects you from negative energy.
   MP:        It affects your magic capacity (+9).
   SInv:      It lets you see invisible.
 D - the ring "Reff" (on tentacle) {Str+4 SInv}
   (You bought it in a shop on level 4 of the Dungeon)

   [ring of see invisible]

   Str:       It affects your strength (+4).
   SInv:      It lets you see invisible.
 K - the ring "Zeadam" (left tentacle) {rF+++ rN+ Dex+5 Slay+2}
   (You found it on level 4 of the Lair of Beasts)

   [ring of positive energy]

   Dex:       It affects your dexterity (+5).
   Slay:      It affects your accuracy & damage with ranged weapons and melee
   (+2).
   rF:        It renders you almost immune to fire.
   rN:        It protects you from negative energy.
 N - the ring of Sasougiuwu (on tentacle) {Wiz rF- rN+ Will+ Slay+3}
   (You bought it in a shop on level 3 of the Lair of Beasts)

   [ring of wizardry]

   It improves your spell success rate.
   Slay:      It affects your accuracy & damage with ranged weapons and melee
   (+3).
   rF:        It makes you vulnerable to fire.
   rN:        It protects you from negative energy.
   Will:      It increases your willpower.
 P - the ring of Gefuh (on tentacle) {Fly rF+ Int+3 SInv}
   (You bought it in a shop on level 6 of the Dungeon)

   [ring of flight]

   Int:       It affects your intelligence (+3).
   rF:        It protects you from fire.
   SInv:      It lets you see invisible.
   Fly:       It grants you flight.
 W - the amulet of Cihuffy (around neck) {Fragile rPois rC+++ Regen+ Int+4}
   (You bought it in a shop on level 2 of the Orcish Mines)

   [amulet of regeneration]

   Int:       It affects your intelligence (+4).
   rC:        It renders you almost immune to cold.
   rPois:     It protects you from poison.
   Regen:     It increases your rate of health regeneration.
   Fragile:   It will be destroyed if unequipped.
 X - the ring of Feplof (on tentacle) {rF+ Will++ Dex+6 Slay+2}
   (You took it off a vault warden on level 5 of the Vaults)

   [ring of dexterity]

   Dex:       It affects your dexterity (+6).
   Slay:      It affects your accuracy & damage with ranged weapons and melee
   (+2).
   rF:        It protects you from fire.
   Will:      It greatly increases your willpower.
 Z - the ring of Ginoucae (on tentacle) {AC+4 Str+7 Dex-5 Slay+4 Stlth-}
   (You found it on level 2 of the Vaults)

   [ring of protection]

   AC:        It affects your AC (+4).
   Str:       It affects your strength (+7).
   Dex:       It affects your dexterity (-5).
   Slay:      It affects your accuracy & damage with ranged weapons and melee
   (+4).
   Stlth:     It makes you less stealthy.
Wands
 q - a wand of digging (19)
 u - a wand of quicksilver (35)
 A - a wand of charming (49)
 B - a wand of mindburst (19)
 L - a wand of polymorph (20)
 V - a wand of iceblast (40)
Scrolls
 c - 16 scrolls of vulnerability
 d - 15 scrolls of amnesia
 f - 4 scrolls of torment
 h - 12 scrolls of fear
 i - 9 scrolls of teleportation
 l - 14 scrolls of immolation
 s - 11 scrolls of poison
 x - 9 scrolls of fog
 y - 11 scrolls of blinking
 z - 5 scrolls of summoning
 C - 5 scrolls of magic mapping
 F - 7 scrolls of silence
Potions
 e - 12 potions of might
 n - 7 potions of invisibility
 p - 10 potions of heal wounds
 r - 6 potions of haste
 t - 2 potions of mutation
 v - 39 potions of curing
 w - 7 potions of resistance
 E - 5 potions of magic
 G - 13 potions of ambrosia
 M - 11 potions of cancellation
 Q - 25 potions of brilliance
 R - 13 potions of lignification
 S - 12 potions of attraction
 T - 10 potions of berserk rage
Miscellaneous
 a - a tin of tremorstones (2/2)
 o - a phantom mirror
 I - a lightning rod (4/4)
 O - a phial of floods
 U - a box of beasts
 Y - a condenser vane


   Skills:
 O Level 27 Fighting
 - Level 18.5 Staves
 O Level 27 Dodging
 O Level 27 Unarmed Combat
 + Level 24.5 Spellcasting
 - Level 8.0 Conjurations
 - Level 4.0 Translocations
 - Level 18.0 Transmutations
 - Level 4.0 Fire Magic
 - Level 7.5 Ice Magic
 - Level 24.7 Air Magic
 - Level 16.8 Earth Magic
 - Level 8.0 Poison Magic
 + Level 18.5 Evocations


You had 8 spell levels left.
You knew the following spells:

 Your Spells              Type           Power      Damage    Failure   Level
a - Maxwell's Capacitive  Air            56%        ∞         1%          8
b - Wereblood             Tmut           99%        N/A       0%          2
c - Ice Form              Ice/Tmut       87%        N/A       1%          4
d - Poisonous Vapours     Pois/Air       100%       N/A       0%          2
e - Ignite Poison         Fire/Tmut/Pois 79%        N/A       1%          3
f - Freezing Cloud        Conj/Ice/Air   44%        6-21      1%          5
g - Swiftness             Air            100%       N/A       0%          3
h - Storm Form            Tmut/Air       53%        N/A       1%          7
i - Eringya's Noxious Bo  Tmut/Pois      43%        N/A       1%          6
j - Irradiate             Conj/Tmut      43%        3d26      1%          5
k - Olgreb's Toxic Radia  Pois           73%        N/A       1%          4
l - Apportation           Tloc           100%       N/A       1%          1
m - Statue Form           Tmut/Erth      65%        N/A       1%          6
n - Vhi's Electric Charg  Tloc/Air       100%       N/A       0%          3
o - Necromutation         Tmut/Necr      38%        N/A       43%         8

Your spell library contained the following spells:

 Spells                   Type           Power      Damage    Failure   Level
 Beastly Appendage        Tmut           100%       N/A       0%          1
 Sandblast                Erth           100%       2d20      0%          1
 Shock                    Conj/Air       100%       1d9       0%          1
 Cigotuvi's Dreadful Rot  Necr/Pois/Air  100%       N/A       0%          2
 Passwall                 Tmut/Erth      81%        N/A       0%          2
 Static Discharge         Conj/Air       100%       2-7/arc   0%          2
 Mephitic Cloud           Conj/Pois/Air  89%        N/A       0%          3
 Spider Form              Tmut/Pois      87%        N/A       0%          3
 Stone Arrow              Conj/Erth      100%       3d13      0%          3
 Airstrike                Air            56%        2d(9-25)  0%          4
 Petrify                  Tmut/Erth      98%        N/A       0%          4
 Blade Hands              Tmut           49%        N/A       0%          5
 Lee's Rapid Deconstruct  Erth           48%        3d23*     0%          5
 Foxfire                  Conj/Fire      100%       2x1d9     1%          1
 Magic Dart               Conj           100%       1d8       1%          1
 Necrotise                Necr           100%       1d9       1%          1
 Slow                     Hex            100%       N/A       1%          1
 Summon Small Mammal      Summ           100%       N/A       1%          1
 Call Imp                 Summ           37%        N/A       1%          2
 Ensorcelled Hibernation  Hex/Ice        100%       N/A       1%          2
 Scorch                   Fire           100%       2d10      1%          2
 Searing Ray              Conj           100%       2d8       1%          2
 Sublimation of Blood     Necr           37%        N/A       1%          2
 Call Canine Familiar     Summ           37%        N/A       1%          3
 Confusing Touch          Hex            37%        N/A       1%          3
 Dazzling Flash           Conj/Hex       100%       N/A       1%          3
 Gell's Gravitas          Tloc           58%        N/A       1%          3
 Hailstorm                Conj/Ice       72%        3d15      1%          3
 Inner Flame              Hex/Fire       50%        N/A       1%          3
 Kindle Blastsparks       Fire/Tloc/Air  100%       2d18      1%          3
 Lesser Beckoning         Tloc           100%       N/A       1%          3
 Ozocubu's Armour         Ice            71%        N/A       1%          3
 Portal Projectile        Hex/Tloc       100%       N/A       1%          3
 Summon Guardian Golem    Hex/Summ       37%        N/A       1%          3
 Tukima's Dance           Hex            37%        N/A       1%          3
 Vampiric Draining        Necr           37%        2d8       1%          3
 Flame Wave               Conj/Fire      66%        2d15      1%          4
 Fulminant Prism          Conj/Hex       29%        3d14      1%          4
 Iskenderun's Mystic Bla  Conj/Tloc      66%        2d14      1%          4
 Leda's Liquefaction      Hex/Erth       37%        N/A       1%          4
 Manifold Assault         Tloc           58%        N/A       1%          4
 Passage of Golubria      Tloc           58%        N/A       1%          4
 Sticky Flame             Conj/Fire      66%        2d8       1%          4
 Summon Ice Beast         Ice/Summ       57%        N/A       1%          4
 Summon Lightning Spire   Summ/Air       86%        N/A       1%          4
 Alistair's Intoxication  Tmut/Pois      58%        N/A       1%          5
 Arcjolt                  Conj/Air       48%        1d58      1%          5
 Borgnjor's Vile Clutch   Necr/Erth      37%        N/A       1%          5
 Fireball                 Conj/Fire      33%        3d14      1%          5
 Iskenderun's Battlesphe  Conj           73%        2d12      1%          5
 Lightning Bolt           Conj/Air       48%        1d68      1%          5
 Metabolic Englaciation   Hex/Ice        28%        N/A       1%          5
 Silence                  Hex/Air        43%        N/A       1%          5
 Yara's Violent Unravell  Hex/Tmut       38%        3d15      1%          5
 Conjure Ball Lightning   Conj/Air       48%        3x3d18    1%          6
 Iron Shot                Conj/Erth      43%        9d8       1%          6
 Dragon Form              Tmut           49%        N/A       1%          7
 Anguish                  Hex/Necr       18%        N/A       3%          4
 Cause Fear               Hex            18%        N/A       3%          4
 Dispel Undead            Necr           37%        3d15      3%          4
 Summon Forest            Summ/Tloc      25%        N/A       3%          5
 Starburst                Conj/Fire      33%        6d10      4%          6
 Agony                    Necr           37%        N/A       9%          5
 Summon Mana Viper        Hex/Summ       37%        N/A       9%          5
 Orb of Destruction       Conj           36%        9d11      10%         7
 Ozocubu's Refrigeration  Ice            35%        4d15      12%         7
 Lehudib's Crystal Spear  Conj/Erth      43%        10d10     12%         8
 Death Channel            Necr           18%        N/A       41%         6
 Summon Cactus Giant      Summ           18%        N/A       41%         6
 Spellforged Servitor     Conj/Summ      29%        N/A       43%         7
 Malign Gateway           Summ/Tloc      25%        N/A       69%         7
 Enfeeble                 Hex            18%        N/A       91%         7
 Haunt                    Necr/Summ      18%        N/A       91%         7
 Monstrous Menagerie      Summ           18%        N/A       91%         7
 Summon Hydra             Summ           18%        N/A       91%         7
 Disjunction              Tloc           29%        N/A       97%         8
 Ignition                 Fire           29%        3d9       97%         8
 Discord                  Hex            18%        N/A       100%        8
 Infestation              Necr           18%        N/A       100%        8
 Summon Horrible Things   Summ           18%        N/A       100%        8
 Polar Vortex             Ice            35%        N/A       100%        9
 Animate Armour           Summ/Erth      Unusable   N/A       N/A         4
 Animate Dead             Necr           Unusable   N/A       N/A         4
 Simulacrum               Ice/Necr       Unusable   N/A       N/A         6

Dungeon Overview and Level Annotations

Branches:
Dungeon (15/15)            Temple (1/1) D:4            Lair (5/5) D:8
  Swamp (4/4) Lair:3       Spider (4/4) Lair:3        Slime (5/5) Lair:4
    Orc (2/2) D:12            Elf (3/3) Orc:2        Vaults (5/5) D:14
  Crypt (3/3) Vaults:2       Tomb (3/3) Crypt:3      Depths (4/4) D:15
   Hell (visited)             Dis (7/7) Hell            Geh (7/7) Hell
    Coc (7/7) Hell            Tar (7/7) Hell            Zot (5/5) Depths:4
  IceCv (visited)

Altars:
Ashenzari
Cheibriados
Dithmenos
Elyvilon
Fedhas
Gozag
Hepliaklqana
Kikubaaqudgha
Makhleb
Nemelex Xobeh
Okawaru
Qazlal
Ru
Sif Muna
Trog
Uskayaw
Vehumet
Wu Jian
Xom
Yredelemnul
Zin
The Shining One
Jiyva

Shops:
D:4 *=[   D:6 =**   D:7 *(*   D:10 =   D:12 ??   D:13 [   Orc:2 (=*[(
Elf:1 [:   Elf:2 *:   Elf:3 :[(:   Lair:3 =:   Vaults:1 ?   Vaults:4 (?[

Portals:
Hell: Depths:1 Depths:2 Depths:3 Depths:4
Abyss: Depths:3
Pandemonium: Depths:2
Ziggurat: Depths:2


Innate Abilities, Weirdness & Mutations

You are a lightning-filled tempest!
Your electrical attacks strike out in all directions at once.
You are incredibly evasive.
Your insubstantial body is immune to petrification, constriction, and being set on fire You are flying.
You are immune to poison.
Your armour is entirely melded.
You are incapable of wielding weapons or throwing items.
You cannot wear most types of armour.
You are amphibious.
You can wear up to eight rings at the same time.
((Your skin changes colour to match your surroundings (Stealth+).))
((Your rubbery body absorbs attacks. (AC +1, EV +1)))
((You are camouflaged when in or above water. (Stealth+)))
((You have tentacles for arms and can constrict up to eight enemies at once.))
((Your flesh is heat resistant. (rF+)))
You are somewhat resistant to further mutation.
You are weak. (Str -2)
You sometimes lose the ability to drink potions when taking damage.


Message History

(N) Spider Nest (M) Slime Pits (O) Orcish Mines (E) Elven Halls (V) Vaults (C) Crypt (W) Tomb (U) Depths (H) Hell (I) Dis (G) Gehenna (X) Cocytus (Y) Tartarus (Z) Zot
Where to? (Enter - D:1, ? - help)
What level of the Dungeon? (default 1, ? - help) You're already here!
(D) Dungeon (T) Temple (L) Lair (S) Swamp (N) Spider Nest (M) Slime Pits (O) Orcish Mines (E) Elven Halls (V) Vaults (C) Crypt (W) Tomb (U) Depths (H) Hell (I) Dis (G) Gehenna (X) Cocytus (Y) Tartarus (Z) Zot
Where to? (Enter - D:1, ? - help)
What level of the Dungeon? (default 1, ? - help)
There is a stone staircase leading down here.
You see here a +0 chain mail.
A blizzard demon comes into view.
Your transformation is almost over.
The blizzard demon shouts!
Aiming: Dig
Press: ? - help, Shift-Dir - straight line A rock wall.
This square is covered in magical glow.
The rock shatters into small pieces.
The blizzard demon gestures at you. The bolt of cold misses you.
Blink to where?
Press: ? - help, Dir - move target
As you read the scroll of blinking, it crumbles to dust.
You reach down and close the door.
There is a staircase leading out of the dungeon here.
(D) Dungeon (T) Temple (L) Lair (S) Swamp (N) Spider Nest (M) Slime Pits (O) Orcish Mines (E) Elven Halls (V) Vaults (C) Crypt (W) Tomb (U) Depths (H) Hell (I) Dis (G) Gehenna (X) Cocytus (Y) Tartarus (Z) Zot
Where to? (Enter - D:1 @ (x,y), ? - help)
What level of Gehenna? (default 1, ? - help)
Okay, then.
You have escaped!

.######.# #############..## ##
........####.........####..### #.
#########...####'####...##...# #.
##.#### #...# ####.###.# #. #.##
#...# ##2##.###. ##.####
###+########.##.##..
######.##≈.###.....##..~##.#)##..
.....#.#≈~..#.......#..~~#.#..#..
###....#≈~..'...v...+..~≈........
##.##.#≈~..#.......#..~≈#.####..
#...#.##≈.###.....##..≈##.# #..
#...##.#### ###'########.## ##.
#...##.## #...# ##.# #[
##.####)#### #...# ####.## #. #.#
##(..####'####.(.## ## #.#
####.........#### #.# ###########


There were no monsters in sight!

Vanquished Creatures
  Cerebov (Pan)
  Antaeus (Coc:7)
  Asmodeus (Geh:7)
  Ereshkigal (Tar:7)
  Gloorx Vloq (Pan)
  the Serpent of Hell (Coc:7)
  Mnoleg (Pan)
  A seraph (Pan)
  Lom Lobon (Pan)
  6 orbs of fire
  5 dread liches
  Dispater (Dis:7)
  Khufu (Tomb:3)
  Mara (Vaults:2)
  6 ancient liches
  3 juggernauts (Dis:7)
  16 royal mummies
  11 shard shrikes
  the Lernaean hydra (Swamp:4)
  Margery (Vaults:4)
  A curse toe (Zot:5)
  28 caustic shrikes
  Geryon (Hell)
  4 golden dragons
  18 bone dragons
  The ghost of Zoiloeb the Markscentaur, an adept CeHu of Okawaru (Elf:1)
  A pearl dragon (Pan)
  The ghost of PaleRider the Cutthroat, a veteran KoBr of Uskayaw (Vaults:4)
  Nikola (Vaults:2)
  Arachne (Spider:2)
  20 profane servitors
  15 doom hounds
  10 Brimstone Fiends
  6 iron giants
  18 tentacled monstrosities
  3 electric golems
  2 pandemonium lords (Pan)
  A spectral shard shrike (Tar:3)
  13 hellephants
  21 Tzitzimimeh
  Jorgrun (Elf:2)
  2 walking crystal tomes (Depths:2)
  17 Hell Sentinels
  29 searing wretches
  2 shard shrike zombies (Abyss:4)
  24 tainted leviathans
  24 Ice Fiends
  9 liches
  2 deep elf master archers (Elf:3)
  15 Orb Guardians
  A deep elf blademaster (Elf:3)
  A walking earthen tome (Depths:2)
  13 titans
  19 acid blobs
  8 quicksilver dragons
  21 Executioners
  Frances (Spider:2)
  Asterion (Lair:3)
  5 death cobs
  34 ancient champions
  12 sphinxes
  4 tentacled starspawn
  A thorn hunter (Swamp:3)
  Kirke (Spider:2)
  17 azure jellies
  10 tengu reavers
  A draconian monk (Zot:4)
  11 revenants
  16 storm dragons
  7 shadow dragons
  13 rockslimes
  17 narguns
  5 demonspawn warmongers (Pan)
  5 daevas (Pan)
  35 fire giants
  Roxanne (Elf:1)
  3 draconian knights
  35 cacodemons
  4 emperor scorpions
  26 frost giants
  Aizul (Elf:3)
  39 balrugs
  4 deep elf sorcerers
  Louise (Lair:3)
  3 caustic shrike zombies (Crypt:3)
  7 ghost moths
  9 iron dragons
  12 angels (Pan)
  8 spectral caustic shrikes
  A spectral juggernaut (Tar:2)
  10 vault wardens
  4 curse skulls
  8 deep elf elementalists
  8 shard shrike simulacra
  6 draconian scorchers
  A juggernaut zombie (Crypt:1)
  2 draconian shifters (Zot:1)
  7 orc warlords
  6 spriggan defenders (Depths:2)
  12 quicksilver elementals
  3 ghouls (Crypt:1)
  4 demonspawn corrupters (Pan)
  3 broodmothers
  4 demonspawn blood saints (Pan)
  10 quicksilver oozes
  3 draconian stormcallers
  2 juggernaut skeletons
  8 ironbound thunderhulks
  A quicksilver ooze (shapeshifter) (Vaults:5)
  21 ironbound preservers
  28 stone giants
  16 reapers
  Nessos (D:14)
  12 apis (Pan)
  4 draconian annihilators
  10 ophanim (Pan)
  29 putrid mouths
  3 caustic shrike skeletons
  43 war gargoyles
  9 green draconians
  43 very ugly things
  6 black draconians
  6 demonspawn black suns (Pan)
  14 vampire knights
  8 bennus
  2 spectral titans
  5 deep elf demonologists
  The ghost of Ikikoito the Grappler, a journeyman TrFi of Okawaru (Lair:4)
  6 bunyips
  5 dire elephants
  An eleionoma (Swamp:2)
  9 wendigos
  4 lorocyprocas
  16 elemental wellsprings
  3 halazid warlocks (Tar:2)
  6 red draconians
  7 spark wasps
  12 deep elf annihilators
  7 yellow draconians
  7 white draconians
  10 purple draconians
  13 blizzard demons
  4 crystal guardians
  18 fire dragons
  10 green deaths
  An ettin (shapeshifter) (Vaults:5)
  16 iron golems
  16 ettins
  14 deep elf death magi
  Snorg (Lair:4)
  17 eidola
  19 mummy priests
  Josephine (Orc:2)
  4 jiangshi (Crypt:1)
  A shambling mangrove (Swamp:2)
  3 spectral krakens (Tar:7)
  11 great orbs of eyes
  4 spectral spriggans
  3 entropy weavers
  An Orb Guardian zombie (Crypt:2)
  A spectral fenstrider witch (Tar:2)
  14 yaktaur captains
  18 deep elf high priests
  12 salamander tyrants
  28 vault guards
  An ogre mage (Vaults:2)
  3 peacekeepers
  4 jorogumos
  A spectral shadow dragon (Tar:2)
  A catoblepas (Lair:3)
  5 hell beasts
  6 rakshasas
  6 stokers
  5 juggernaut simulacra
  3 spriggan air magi
  The ghost of Ecaiwiergh the Ripper, a journeyman FeCK of Xom (Orc:1)
  10 caustic shrike simulacra
  Erica (D:9)
  4 radroaches
  16 centaur warriors
  A fenstrider witch skeleton (Crypt:3)
  2 death knights
  3 ghost crabs
  6 ironbound frosthearts
  11 ice dragons
  2 alligators
  12 hydras
  11 boulder beetles
  5 two-headed ogres
  9 deep troll shamans
  32 dancing weapons
  8 deep troll earth magi
  53 death scarabs
  5 tengu warriors
  6 thrashing horrors
  4 death yaks
  4 spectral dire elephants
  3 shock serpents (Pan)
  Urug (D:13)
  16 hell knights
  4 spriggan berserkers
  20 hell hogs
  12 vampire magi
  5 orc high priests
  33 sun demons
  10 crystal echidnas
  17 deep elf knights
  14 starcursed masses
  A fire crab (shapeshifter) (Vaults:5)
  12 spriggans
  23 sixfirhies (Pan)
  35 soul eaters
  2 wretched stars
  6 iron trolls
  7 shadow wraiths
  2 anaconda zombies
  8 skeletal warriors
  3 quicksilver dragon simulacra
  11 cherubim (Pan)
  6 pharaoh ants
  2 spectral anacondas
  4 goliath frogs
  A storm dragon skeleton (Pan)
  12 glowing orange brains
  2 spriggan druids
  60 deep trolls
  54 large abominations
  A kraken simulacrum (Hell)
  2 flayed ghosts
  A spark wasp zombie (Crypt:1)
  6 steelbarb worms
  7 shadow demons
  15 orb spiders
  7 bog bodies
  6 spriggan simulacra
  13 deep elf archers
  12 swamp dragons
  An anaconda skeleton (Pan)
  A spectral iron dragon (Tar:4)
  A glowing orange brain (shapeshifter) (Depths:2)
  19 deep elf pyromancers
  2 orange crystal statues (IceCv)
  10 lindwurms
  14 wizards
  26 deep elf zephyrmancers
  19 ironbound convokers
  A mana viper (shapeshifter) (Depths:2)
  A shadow dragon skeleton (Pan)
  A shadow dragon zombie (Crypt:3)
  6 harpies
  A fenstrider witch simulacrum (Coc:2)
  A sphinx zombie (Depths:1)
  22 necromancers
  A shining eye (shapeshifter) (Vaults:5)
  4 orc sorcerers
  26 phantasmal warriors
  A stone giant zombie (Crypt:3)
  22 orc knights
  2 will-o-the-wisps
  44 ugly things
  25 wolf spiders
  3 cyclopes (shapeshifter) (Depths:2)
  A salamander (shapeshifter) (Depths:4)
  5 cyclopes
  A human skeleton (Pan)
  6 shining eyes
  A centaur zombie (Crypt:3)
  A moth of wrath (shapeshifter) (Elf:1)
  A manticore (shapeshifter) (Depths:4)
  11 moths of wrath
  2 spectral alligator snapping turtles
  Maurice (D:9)
  18 vault sentinels
  2 worldbinders
  2 black mambas
  5 eyes of devastation
  A fire giant skeleton (D:15)
  A stone giant skeleton (D:15)
  2 apocalypse crabs (Abyss:4)
  3 titan simulacra
  9 elephants
  5 rust devils
  A black mamba (shapeshifter) (Elf:1)
  33 orange demons (Pan)
  A water nymph (shapeshifter) (Vaults:5)
  A cane toad (shapeshifter) (D:15)
  9 spectral swamp worms (Tar:7)
  3 centaur skeletons (Crypt:3)
  A gargoyle (D:10)
  6 molten gargoyles
  An eye of devastation (shapeshifter) (Elf:1)
  36 hellions
  12 cane toads
  A torpor snail (Lair:2)
  A dire elephant skeleton (Crypt:3)
  4 kobold demonologists
  2 unseen horrors
  20 demonic crawlers
  7 rime drakes
  A storm dragon simulacrum (Coc:2)
  30 smoke demons
  A komodo dragon (shapeshifter) (Elf:1)
  An elf skeleton (Vaults:3)
  9 efreet
  13 yaktaurs
  9 anaconda simulacra
  9 ice devils
  11 komodo dragons
  19 tormentors
  30 freezing wraiths
  29 hellwings
  2 golden dragon simulacra (IceCv)
  A tengu conjurer (Depths:2)
  41 guardian mummies
  4 spectral nagas
  2 red devils (Pan)
  An ancient zyme (Abyss:3)
  2 silent spectres
  4 spectral harpies
  4 trolls
  A hydra zombie (Crypt:3)
  3 iron giant simulacra
  2 bloated husks
  11 polar bears
  2 trolls (shapeshifter) (Elf:1)
  A tengu simulacrum (Vaults:3)
  4 hydra skeletons
  A harpy zombie (Crypt:3)
  3 meliai (Spider:3)
  10 tyrant leeches
  23 hornets
  3 harpy skeletons
  A wolf spider simulacrum (D:14)
  Grinder (D:3)
  2 stone giant simulacra
  20 tarantellas
  A polar bear (shapeshifter) (D:13)
  A death drake skeleton (Crypt:1)
  2 iron dragon simulacra
  6 raiju
  A tyrant leech (shapeshifter) (Vaults:5)
  109 slime creatures
  13 blink frogs
  4 ettin zombies
  4 dream sheep (Lair:5)
  A snapping turtle (shapeshifter) (Depths:2)
  26 jumping spiders
  An alligator skeleton (Hell)
  A black mamba zombie (Tomb:3)
  37 flying skulls
  An air elemental (Abyss:3)
  6 water elementals
  3 wyverns
  16 wraiths
  28 yaks
  An elf zombie (Vaults:3)
  A spriggan (shapeshifter) (Abyss:4)
  22 culicivoras
  4 shadows
  22 ynoxinuls
  A yak (shapeshifter) (Elf:1)
  16 humans
  2 vampires (Crypt:1)
  5 dire elephant simulacra
  4 fire elementals
  2 hogs (Spider:2)
  3 basilisks
  A golden eye (shapeshifter) (Elf:1)
  23 neqoxecs
  8 golden eyes
  42 redbacks
  25 chaos spawn
  A sea snake simulacrum (Hell)
  A steam dragon (shapeshifter) (Depths:2)
  9 vampire mosquitoes
  21 ushabtiu
  Menkaure (D:7)
  A deep troll zombie (Crypt:1)
  13 swamp worms
  11 harpy simulacra
  9 wargs
  A glowing shapeshifter zombie (Vaults:3)
  23 hell hounds
  13 water moccasins
  7 hydra simulacra
  4 acid dragons
  A water moccasin (shapeshifter) (Elf:1)
  A demonspawn zombie (Crypt:3)
  Duvessa (D:6)
  A fire bat skeleton (Crypt:1)
  6 floating eyes
  A glowing shapeshifter skeleton (Depths:1)
  13 black bears
  A demonspawn skeleton (Crypt:3)
  7 ice beasts
  2 naga skeletons
  35 orc warriors
  12 swamp drakes
  A lindwurm zombie (Crypt:2)
  3 ettin simulacra
  4 boggarts (Vaults:1)
  6 ogres
  2 swamp dragon skeletons (Pan)
  5 phantoms
  15 centaurs
  37 wolves
  8 kobold brigands
  3 gnoll sergeants
  2 necrophages
  9 bullfrogs
  8 scorpions
  An earth elemental (Elf:2)
  A two-headed ogre simulacrum (Coc:2)
  8 wyvern skeletons (Crypt:3)
  A polar bear zombie (Crypt:2)
  18 small abominations (Abyss:4)
  A queen bee zombie (Crypt:2)
  6 wights
  Dowan (D:6)
  2 lindwurm simulacra (IceCv)
  A raiju skeleton (Crypt:1)
  2 human simulacra (Vaults:3)
  6 killer bees
  9 electric eels
  4 howler monkeys
  10 spriggan skeletons
  A troll skeleton (D:12)
  2 crimson imps
  A lava snake (D:14)
  14 jellies
  18 orc priests
  Crazy Yiuf (D:4)
  2 iron imps
  Jessica (D:3)
  7 hounds
  14 hell rats
  9 iguanas
  28 orc wizards
  A sky beast zombie (Crypt:2)
  34 mummies
  Robin (D:4)
  5 adders
  17 gnolls
  9 river rats (Lair:1)
  A shadow imp (D:8)
  5 white imps
  An ufetubus (D:5)
  A worm (shapeshifter) (Depths:2)
  5 worms
  A dart slug (D:1)
  72 orcs
  5 bats
  A bat zombie (Crypt:2)
  8 endoplasms
  16 goblins
  7 hobgoblins
  8 jackals
  2 quokkas
  6 ball pythons
  A ball python skeleton (Crypt:2)
  4 frilled lizards
  35 kobolds
  5 rats
  3 creeping infernos
  25 fire vortices
  A lurking horror (Abyss:3)
  2 starspawn tentacles (Abyss:4)
  7 tentacles
4130 creatures vanquished.

Vanquished Creatures (collateral kills)
  the Royal Jelly (Slime:5)
  A tentacled monstrosity (Zot:5)
  3 Orb Guardians (Zot:5)
  An acid blob (Slime:5)
  A storm dragon (Zot:5)
  A shadow dragon (Zot:4)
  A rockslime (Slime:5)
  An azure jelly (Slime:5)
  2 quicksilver oozes (Slime:5)
  A green draconian (Zot:5)
  A purple draconian (Zot:4)
  2 white draconians
  5 moths of wrath
  A slime creature (Slime:5)
  6 flying skulls (Tomb:2)
  A large abomination (D:3)
29 creatures vanquished.

Vanquished Creatures (others)
  2 ancient liches (Zot:5)
  4 royal mummies
  A Killer Klown (Zot:5)
  2 tentacled monstrosities (Zot:5)
  7 Orb Guardians (Zot:5)
  2 death cobs (Zot:4)
  An eldritch tentacle (Pan)
  A shadow dragon (Zot:5)
  A draconian monk (Zot:5)
  A fire giant (Geh:2)
  A draconian knight (Zot:5)
  A balrug (Geh:2)
  A black draconian (Zot:5)
  3 red draconians (Zot:5)
  A yellow draconian (Zot:5)
  A caustic shrike simulacrum (Coc:4)
  A juggernaut simulacrum (Coc:6)
  2 deep elf knights
  A moth of wrath (Zot:5)
  A tormentor (Tar:5)
  A guardian mummy (Tomb:2)
  2 bloated husks
  A culicivora (Spider:4)
  2 flying skulls (Tomb:2)
  A dire elephant simulacrum (Coc:6)
  3 humans (Spider:2)
  2 small abominations (Abyss:4)
  A crimson imp (Geh:4)
  2 orcs (D:12)
  3 bushes
  3 creeping infernos
  5 demonic plants
  A fire vortex (Geh:3)
  4 foxfires (Swamp:4)
  38 fungi
  83 plants
  8 starspawn tentacles
  9 tentacles
  7 toadstools (Swamp:3)
  18 withered plants
229 creatures vanquished.

Grand Total: 4388 creatures vanquished

Notes
Turn   | Place    | Note
-------+----------+-------------------------------------------
     0 | D:1      | decrepitude the Octopode Transmuter began the quest for the
                  | Orb.
     0 | D:1      | Reached XP level 1. HP: 13/13 MP: 3/3
   142 | D:1      | Reached skill level 1 in Ice Magic
   142 | D:1      | Reached XP level 2. HP: 18/18 MP: 3/5
   164 | D:1      | Learned a level 2 spell: Wereblood
   511 | D:1      | Reached XP level 3. HP: 8/23 MP: 3/6
  1233 | D:2      | Found a faded altar of an unknown god.
  1640 | D:3      | Noticed a phantom
  1695 | D:3      | Reached XP level 4. HP: 28/28 MP: 3/7
  1866 | D:3      | Noticed Grinder
  1906 | D:3      | Noticed Jessica
  1916 | D:3      | Killed Jessica
  1917 | D:3      | Reached XP level 5. HP: 33/33 MP: 5/8
  2034 | D:3      | Identified the +11 mace "Zomoxt" {vorpal, rElec}
  2177 | D:4      | Noticed Robin
  2202 | D:3      | Learned a level 4 spell: Ice Form
  2314 | D:4      | Found an opulent altar of Gozag.
  2424 | D:4      | Became a worshipper of Gozag Ym Sagoz the Greedy
  2672 | D:4      | Reached XP level 6. HP: 21/38 MP: 3/9
  2925 | D:4      | Found a staircase to the Ecumenical Temple.
  2956 | D:4      | Killed Robin
  3046 | D:4      | Found Uploerph's Jewellery Shoppe.
  3048 | D:4      | Found Ganod's General Store.
  3049 | D:4      | Found Ihu Hilad's Antique Armour Shop.
  3305 | D:4      | Found a runed translucent door.
  3306 | D:4      | Noticed Crazy Yiuf
  3350 | Temple   | Entered the Ecumenical Temple
  3487 | D:5      | Entered Level 5 of the Dungeon
  3703 | D:5      | Reached skill level 5 in Transmutations
  3761 | D:5      | Reached skill level 5 in Ice Magic
  3761 | D:5      | Reached XP level 7. HP: 39/43 MP: 2/10
  3832 | D:5      | Got the Directory of Chilling Pyromania
  4126 | D:5      | Noticed a two-headed ogre
  4537 | D:6      | Found a bloodstained altar of Trog.
  4545 | D:5      | Reached XP level 8. HP: 36/48 MP: 5/11
  5007 | D:6      | Noticed Dowan
  5628 | D:7      | Found Fucwuxke's General Store.
  5674 | D:7      | Bought a potion of curing for 39 gold pieces
  5985 | D:7      | Found Tueryatz's General Store.
  5999 | D:7      | Reached XP level 9. HP: 53/53 MP: 6/13
  6365 | D:7      | Reached skill level 5 in Unarmed Combat
  6481 | D:7      | Noticed Menkaure
  6491 | D:7      | Killed Menkaure
  6571 | D:7      | Found a shimmering blue altar of Sif Muna.
  7009 | D:7      | Found Honosaz's Antique Weapon Boutique.
  7471 | D:4      | Bought the ring "Reff" {Str+4 SInv} for 395 gold pieces
  7589 | D:3      | Paralysed by Grinder for 4 turns
  7596 | D:3      | Killed Grinder
  7961 | D:4      | Killed Crazy Yiuf
  8255 | D:8      | Noticed a rime drake
  8533 | D:8      | Killed a rime drake
  8534 | D:8      | Reached XP level 10. HP: 38/58 MP: 10/14
  8850 | D:8      | Reached skill level 10 in Unarmed Combat
  8894 | D:8      | Found a staircase to the Lair.
  8959 | D:8      | Found a snail-covered altar of Cheibriados.
  9237 | D:9      | Found a shadowy altar of Dithmenos.
  9238 | D:9      | Noticed Erica
  9474 | D:9      | Noticed Maurice
  9647 | D:9      | Killed Maurice
  9788 | Lair:1   | Entered Level 1 of the Lair of Beasts
  9832 | Lair:1   | Noticed a cane toad
  9843 | Lair:1   | Killed a cane toad
 10116 | Lair:1   | Noticed a cane toad
 10121 | Lair:1   | Killed a cane toad
 10471 | Lair:1   | Identified the +5 spear of Skirmishing {vorpal, Dex+4}
 10499 | Lair:1   | Noticed a cane toad
 10513 | Lair:1   | Killed a cane toad
 10514 | Lair:1   | Reached XP level 11. HP: 65/70 MP: 9/15
 10695 | Lair:1   | Reached skill level 5 in Fighting
 11458 | Lair:2   | Identified the +4 flail of the Witching Gods {venom, rElec
                  | SInv}
 12024 | Lair:2   | Noticed a six-headed hydra
 12032 | Lair:2   | Killed a six-headed hydra
 12041 | Lair:2   | Learned a level 2 spell: Poisonous Vapours
 12045 | Lair:2   | Learned a level 3 spell: Ignite Poison
 12353 | Lair:2   | Reached skill level 10 in Fighting
 12535 | Lair:2   | Reached XP level 12. HP: 87/88 MP: 10/16
 13657 | Lair:3   | Found a hole to the Spider Nest.
 13670 | Lair:3   | Noticed a catoblepas
 13703 | Lair:3   | Killed a catoblepas
 13981 | Lair:3   | Found a staircase to the Swamp.
 14266 | Lair:3   | Reached skill level 1 in Poison Magic
 14944 | Lair:4   | Reached skill level 5 in Dodging
 15075 | Lair:4   | Found a runed translucent gate.
 15075 | Lair:4   | Found a runed translucent gate.
 15075 | Lair:4   | Found a runed translucent gate.
 15075 | Lair:4   | Noticed an azure jelly
 15075 | Lair:4   | Noticed an acid blob
 15075 | Lair:4   | Noticed an acid blob
 15075 | Lair:4   | Noticed an azure jelly
 15076 | Lair:4   | Found a viscous altar of Jiyva.
 15076 | Lair:4   | Noticed a rockslime
 15076 | Lair:4   | Noticed an acid blob
 15076 | Lair:4   | Noticed Ikikoito's ghost (journeyman TrFi)
 15076 | Lair:4   | Noticed an azure jelly
 15076 | Lair:4   | Noticed an azure jelly
 15076 | Lair:4   | Found the +15 Maxwell's patent armour {-Cast -Tele rElec
                  | Will+ rCorr}
 15077 | Lair:4   | Noticed an azure jelly
 15434 | Lair:4   | Found a staircase to the Slime Pits.
 15434 | Lair:4   | Found a viscous altar of Jiyva.
 15974 | Lair:4   | Noticed Snorg
 15999 | Lair:4   | Noticed a boulder beetle
 16107 | Lair:3   | Killed a boulder beetle
 16182 | Lair:4   | Killed Snorg
 16321 | Lair:4   | Reached XP level 13. HP: 97/97 MP: 13/17
 16628 | Lair:5   | Entered Level 5 of the Lair of Beasts
 17063 | Lair:5   | Reached skill level 10 in Dodging
 17830 | D:5      | Identified a scroll of acquirement
 17830 | D:5      | Acquired 1040 gold pieces
 18280 | D:6      | Noticed Duvessa
 18285 | D:6      | Killed Duvessa
 18287 | D:6      | Killed Dowan
 18356 | D:6      | Bought a scroll of teleportation for 72 gold pieces
 18356 | D:6      | Bought a dark potion for 21 gold pieces
 18360 | D:6      | Bought the ring of Gefuh {Fly rF+ Int+3 SInv} for 588 gold
                  | pieces
 20142 | Lair:5   | Reached XP level 14. HP: 76/108 MP: 14/18
 20367 | Lair:5   | Identified the +1 scale mail of Truth {rElec}
 20400 | Lair:5   | Reached skill level 15 in Fighting
 21605 | Lair:5   | Reached skill level 5 in Spellcasting
 21891 | D:9      | Killed Erica
 22305 | D:9      | Found a radiant altar of Vehumet.
 22305 | D:9      | Found a burning altar of Makhleb.
 22574 | D:10     | Entered Level 10 of the Dungeon
 22908 | D:10     | Learned a level 3 spell: Mephitic Cloud
 22970 | D:10     | Found Ylyciuq's Jewellery Boutique.
 23068 | D:10     | Found an ornate altar of the Wu Jian Council.
 25055 | D:12     | Reached skill level 1 in Conjurations
 25614 | D:12     | Found a staircase to the Orcish Mines.
 26080 | Orc:1    | Entered Level 1 of the Orcish Mines
 26372 | Orc:1    | Found a large runed translucent door.
 26372 | Orc:1    | Found a large runed translucent door.
 26892 | Orc:1    | Noticed Ecaiwiergh's ghost (journeyman FeCK)
 27111 | Orc:1    | Killed Ecaiwiergh's ghost
 27213 | Orc:2    | Entered Level 2 of the Orcish Mines
 27271 | Orc:2    | Noticed Josephine
 27275 | Orc:2    | Reached skill level 5 in Conjurations
 27286 | Orc:2    | Killed Josephine
 27429 | Orc:1    | Learned a level 5 spell: Freezing Cloud
 27479 | Orc:2    | Reached skill level 1 in Air Magic
 27665 | Orc:2    | Found Xympil's General Store.
 27673 | Orc:2    | Bought a scroll of teleportation for 36 gold pieces
 27685 | Orc:2    | Found a staircase to the Elven Halls.
 27707 | Orc:2    | Noticed an orc warlord
 27711 | Orc:2    | Paralysed by an orc sorcerer for 5 turns
 27736 | Orc:1    | Killed an orc warlord
 27802 | Orc:2    | Reached skill level 5 in Poison Magic
 27802 | Orc:2    | Reached XP level 15. HP: 116/116 MP: 27/27
 28009 | Orc:2    | Found Ixofubil's Antique Weapon Boutique.
 28102 | Orc:2    | Found Ruexontoe's Antique Armour Boutique.
 28215 | Orc:2    | Found Qovarham's Jewellery Boutique.
 28220 | Orc:2    | Found Ampaneg's Weapon Boutique.
 28479 | Orc:2    | Bought the amulet of Cihuffy {Fragile rPois rC+++ Regen+
                  | Int+4} for 1106 gold pieces
 28479 | Orc:2    | Bought the ring "Odduc" {*Slow Fly rF++ rN+ rCorr} for 646
                  | gold pieces
 28555 | D:12     | Bought a scroll of blinking for 127 gold pieces
 28555 | D:12     | Bought a scroll of fear for 68 gold pieces
 28557 | D:12     | Bought a scroll of blinking for 97 gold pieces
 28713 | D:13     | Found Iriofaig's Armour Shop.
 28843 | D:13     | Learned a level 3 spell: Swiftness
 28869 | D:13     | Reached skill level 5 in Air Magic
 29535 | Spider:1 | Entered Level 1 of the Spider Nest
 29535 | Spider:1 | Noticed Asterion
 29576 | Swamp:1  | Entered Level 1 of the Swamp
 30708 | Swamp:2  | You are sucked into a shaft and drop 1 floor!
 31463 | Swamp:2  | Identified the +9 hand axe "Noquicoo" {flame, rElec Dex-3
                  | SInv}
 31672 | Swamp:3  | Noticed a thorn hunter
 31963 | Swamp:3  | Killed a thorn hunter
 32216 | Swamp:3  | Reached XP level 16. HP: 122/122 MP: 23/28
 32664 | Swamp:4  | Entered Level 4 of the Swamp
 32713 | Swamp:4  | Reached skill level 1 in Evocations
 33735 | Swamp:4  | Noticed the 27-headed Lernaean hydra
 33740 | Swamp:4  | Reached skill level 5 in Evocations
 33903 | Lair:3   | Killed Asterion
 34774 | Spider:1 | Noticed Louise
 34787 | Abyss:3  | Cast into level 3 of the Abyss (Louise)
 34822 | Abyss:3  | Noticed an Executioner
 34910 | Abyss:3  | Noticed a tentacled starspawn
 35079 | Abyss:3  | Noticed a tentacled starspawn
 35293 | Abyss:3  | Noticed a tentacled starspawn
 35319 | Abyss:3  | Killed a tentacled starspawn
 35437 | Lair:3   | Escaped the Abyss
 35546 | Lair:3   | Killed Louise
 35952 | Spider:1 | Identified the +10 shortbow of Fundamental Breach {vorpal,
                  | rC+ Dex+2}
 36521 | Spider:2 | Reached XP level 17. HP: 129/129 MP: 26/29
 36568 | Spider:2 | Noticed Frances
 36575 | Spider:2 | Killed Frances
 36729 | Spider:2 | Reached skill level 10 in Transmutations
 36769 | Spider:2 | Noticed Kirke
 36861 | Spider:1 | Acquired 957 gold pieces
 36863 | Spider:1 | Acquired 1009 gold pieces
 36865 | Spider:1 | Acquired 831 gold pieces
 36897 | Lair:3   | Bought a book of the Sky for 748 gold pieces
 36897 | Lair:3   | Bought a manual of Fighting for 1360 gold pieces
 36905 | Lair:3   | Learned a level 7 spell: Storm Form
 37143 | Spider:2 | Killed Kirke
 37343 | Spider:2 | Noticed Arachne
 37359 | Spider:2 | Killed Arachne
 38348 | Spider:2 | Gained mutation: You are frail. (-10% HP) [mutagenic glow]
 38426 | Spider:2 | Gained mutation: You are very frail. (-20% HP) [mutagenic
                  | glow]
 38561 | Spider:3 | Identified the +2 ring mail "Boimu Uc Neu" {SInv}
 38749 | Spider:2 | Lost mutation: You are very frail. (-20% HP) [potion of
                  | mutation]
 38749 | Spider:2 | Lost mutation: You are frail. (-10% HP) [potion of
                  | mutation]
 38749 | Spider:2 | Gained mutation: You occasionally lose the ability to drink
                  | potions when taking damage. [potion of mutation]
 38749 | Spider:2 | Gained mutation: You are dopey. (Int -2) [potion of
                  | mutation]
 38749 | Spider:2 | Gained mutation: You are agile. (Dex +4, Str/Int -1)
                  | [potion of mutation]
 38750 | Spider:2 | Lost mutation: You are dopey. (Int -2) [potion of mutation]
 38750 | Spider:2 | Lost mutation: You are agile. (Dex +4, Str/Int -1) [potion
                  | of mutation]
 38750 | Spider:2 | Gained mutation: You are robust. (+10% HP) [potion of
                  | mutation]
 38750 | Spider:2 | Gained mutation: Your magical capacity is low. (-10% MP)
                  | [potion of mutation]
 38750 | Spider:2 | Gained mutation: You expend magic power (3 MP) to
                  | strengthen your wands. [potion of mutation]
 38751 | Spider:2 | Lost mutation: You expend magic power (3 MP) to strengthen
                  | your wands. [potion of mutation]
 38751 | Spider:2 | Lost mutation: You occasionally lose the ability to drink
                  | potions when taking damage. [potion of mutation]
 38751 | Spider:2 | Lost mutation: You are robust. (+10% HP) [potion of
                  | mutation]
 38751 | Spider:2 | Gained mutation: You do not regenerate when monsters are
                  | visible. [potion of mutation]
 38751 | Spider:2 | Gained mutation: Your magical capacity is very low. (-20%
                  | MP) [potion of mutation]
 38752 | Spider:2 | Lost mutation: You do not regenerate when monsters are
                  | visible. [potion of mutation]
 38752 | Spider:2 | Lost mutation: Your magical capacity is very low. (-20% MP)
                  | [potion of mutation]
 38752 | Spider:2 | Lost mutation: Your magical capacity is low. (-10% MP)
                  | [potion of mutation]
 38752 | Spider:2 | Gained mutation: Your mind is acute. (Int +4, Str/Dex -1)
                  | [potion of mutation]
 38752 | Spider:2 | Gained mutation: You have hidden genetic potential. [potion
                  | of mutation]
 39028 | Spider:3 | Identified the +8 mace of Tetacuro {freeze, rPois}
 39681 | Spider:3 | Reached skill level 10 in Air Magic
 40036 | Spider:4 | Entered Level 4 of the Spider Nest
 41957 | Spider:4 | Reached XP level 18. HP: 137/137 MP: 22/30
 43080 | Spider:4 | Got a gossamer rune of Zot
 43313 | D:7      | Bought the +3 Elemental Staff {rElec rF++ rC++ AC+5} for
                  | 1124 gold pieces
 43313 | D:7      | Found the +3 Elemental Staff {rElec rF++ rC++ AC+5}
 43716 | D:14     | Noticed Nessos
 43716 | D:14     | Noticed Urug
 43716 | D:14     | Found a gate to the Vaults.
 43967 | D:14     | Found a white marble altar of Elyvilon.
 44645 | D:13     | Killed Urug
 44756 | D:14     | Killed Nessos
 44954 | D:15     | Entered Level 15 of the Dungeon
 45181 | D:15     | Found a staircase to the Depths.
 45803 | D:15     | Learned a level 8 spell: Maxwell's Capacitive Coupling
 45922 | Elf:1    | Entered Level 1 of the Elven Halls
 45978 | Elf:1    | Found a frozen archway.
 46018 | IceCv    | Entered an ice cave
 46137 | IceCv    | Reached skill level 10 in Spellcasting
 46319 | Elf:1    | Reached skill level 15 in Air Magic
 46441 | Elf:1    | Found Wydd's One-of-a-Kind Books.
 46661 | Elf:1    | Reached XP level 19. HP: 144/144 MP: 24/33
 46799 | Elf:1    | Found a runed translucent gate.
 46802 | Elf:1    | Found a runed translucent gate.
 46802 | Elf:1    | Noticed a tentacled monstrosity
 46803 | Elf:1    | Found a runed translucent gate.
 46803 | Elf:1    | Noticed a tentacled monstrosity
 46804 | Elf:1    | Noticed a tentacled monstrosity
 46805 | Elf:1    | Noticed a tentacled monstrosity
 47059 | Elf:1    | Found Feez's Armour Boutique.
 47100 | Elf:1    | Identified Roxanne's Catalogue of the Lithosphere
 47100 | Elf:1    | Noticed Roxanne
 47883 | Elf:1    | Killed Roxanne
 48411 | Elf:2    | Found Vizxecoi's General Store.
 48515 | Elf:2    | Found Dioluimobigu's Self-Improvement Boutique.
 48522 | Elf:2    | Identified the +10 spear of Otufryo {spect, +Blink rElec
                  | rC-}
 48532 | Elf:2    | Bought a potion of heal wounds for 100 gold pieces
 48532 | Elf:2    | Bought a potion of brilliance for 80 gold pieces
 48542 | Elf:2    | Noticed Jorgrun
 48551 | Elf:2    | Killed Jorgrun
 48689 | Elf:2    | Bought a manual of Unarmed Combat for 1200 gold pieces
 48801 | Elf:2    | Found a runed translucent gate.
 48801 | Elf:2    | Found a runed translucent gate.
 48806 | Elf:2    | Found a runed translucent gate.
 48998 | Elf:3    | Entered Level 3 of the Elven Halls
 48998 | Elf:3    | Found Fiwy's Weapon Shop.
 48998 | Elf:3    | Found Vaceopo's Book Emporium.
 48998 | Elf:3    | Found Badwi's Armour Boutique.
 49285 | Elf:3    | Found Miojiut's Book Shoppe.
 49613 | Elf:3    | Noticed a Tzitzimitl
 50335 | Elf:3    | Noticed Aizul
 50341 | Elf:3    | Killed Aizul
 50499 | Elf:3    | Identified the +10 trident of Fer Dacy {vorpal, *Slow rC+
                  | Dex+4 SInv}
 50525 | Elf:3    | Identified the ring "Lyudgh" {Contam rF+ rC+ Str+3 Dex+6}
 50771 | Elf:3    | Identified the +4 falchion of the Endless Expanse {holy,
                  | rElec rPois Str-3 Int-2}
 50771 | Elf:3    | Identified the +0 plate armour "Jojif" {rPois Dex+4}
 50819 | Elf:3    | Reached XP level 20. HP: 158/158 MP: 34/34
 51326 | Elf:3    | Identified the +10 shortbow "Suakywott" {speed, rC+ Str+8
                  | Int+5}
 51341 | Elf:3    | Identified the +4 hand axe "Lioffokiec" {vorpal, rF- Int+9
                  | Dex+3}
 51527 | Elf:3    | Identified the +10 sling of Untruth {freeze, Contam Str+9
                  | Int-5 Stlth+}
 51542 | Elf:3    | Identified the +1 storm dragon scales of Dice, Bag, and
                  | Bottle {rElec rF+ Will- Int+2 Dex+8}
 51560 | Elf:3    | Got Wuhixec's Essays on Profane Rituals and Confrontation
 51665 | Elf:3    | Acquired 1307 gold pieces
 51667 | Elf:3    | Acquired 1119 gold pieces
 52145 | Swamp:4  | Killed the 27-headed Lernaean hydra
 52365 | Swamp:4  | Reached skill level 15 in Unarmed Combat
 52376 | Swamp:4  | Got a decaying rune of Zot
 52538 | Slime:1  | Entered Level 1 of the Pits of Slime
 52616 | Lair:4   | Killed Ikikoito's ghost
 52622 | Lair:4   | Gained mutation: You are partially covered in iridescent
                  | scales. (AC +2) [hidden potential]
 52636 | Lair:4   | Identified the ring "Zeadam" {rF+++ rN+ Dex+5 Slay+2}
 53878 | Lair:3   | Bought the ring of Sasougiuwu {Wiz rF- rN+ Will+ Slay+3}
                  | for 681 gold pieces
 54034 | Abyss:4  | Cast into level 4 of the Abyss (unwielding a weapon of
                  | distortion)
 54128 | Abyss:4  | Paralysed by you for 2 turns
 54421 | Abyss:4  | Paralysed by accursed screaming for 1 turns
 54428 | Abyss:4  | Noticed a bone dragon
 54431 | D:8      | Escaped the Abyss
 54493 | D:8      | Gained mutation: You passively map a small area around you.
                  | [mutagenic glow]
 54505 | D:8      | Gained mutation: You are frail. (-10% HP) [mutagenic glow]
 54564 | Abyss:4  | Cast into level 4 of the Abyss (unwielding a weapon of
                  | distortion)
 54566 | Abyss:4  | Paralysed by a floating eye for 4 turns
 54602 | Abyss:4  | Reached XP level 21. HP: 117/153 MP: 14/35
 54666 | Abyss:4  | Paralysed by a floating eye for 3 turns
 54675 | Abyss:4  | Paralysed by a floating eye for 2 turns
 54681 | Abyss:4  | Paralysed by a floating eye for 2 turns
 54693 | Abyss:4  | Got an abyssal rune of Zot
 54740 | Abyss:4  | Gained mutation: Your spells are a little easier to cast,
                  | but a little less powerful. [a shining eye]
 54743 | D:8      | Escaped the Abyss
 54744 | D:8      | Lost mutation: Your spells are a little easier to cast, but
                  | a little less powerful. [potion of mutation]
 54744 | D:8      | Lost mutation: You are frail. (-10% HP) [potion of
                  | mutation]
 54744 | D:8      | Gained mutation: You possess an exceptional clarity of
                  | mind. [potion of mutation]
 54744 | D:8      | Gained mutation: You are mostly covered in iridescent
                  | scales. (AC +4) [potion of mutation]
 55073 | Slime:3  | Reached skill level 1 in Fire Magic
 55085 | Slime:3  | Paralysed by a floating eye for 2 turns
 55208 | Slime:3  | Found a viscous altar of Jiyva.
 55606 | Slime:2  | Found a viscous altar of Jiyva.
 56259 | Slime:5  | Entered Level 5 of the Pits of Slime
 56293 | Slime:5  | Gained mutation: You are agile. (Dex +4, Str/Int -1)
                  | [hidden potential]
 56293 | Slime:5  | Lost mutation: You have hidden genetic potential. [hidden
                  | potential expressed]
 56415 | Slime:5  | Found a viscous altar of Jiyva.
 56416 | Slime:5  | Noticed the Royal Jelly
 56440 | Slime:5  | Killed the Royal Jelly
 56691 | Slime:5  | Identified the +11 dagger "Enyoch" {flame, rElec rPois
                  | Dex+3}
 56699 | Slime:5  | Got the Disquisition on Productive Fascination
 56701 | Slime:5  | Identified the +1 leather armour of Past Mistakes {Int+7
                  | Stlth+}
 56702 | Slime:5  | Identified the +0 robe "Put-Me-On" {Str+5 Int-4 Archmagi}
 56705 | Slime:5  | Identified the +10 quarterstaff of Enoullum {spect, rElec}
 56712 | Slime:5  | Identified the +5 mace of Iconoclasm {vamp, rF+ Str+4}
 56770 | Slime:5  | Got the Tome of Command and Wanderlust
 56772 | Slime:5  | Got a slimy rune of Zot
 57507 | Vaults:1 | Entered Level 1 of the Vaults
 57695 | D:14     | Learned a level 6 spell: Eringya's Noxious Bog
 57904 | Vaults:1 | Identified the +3 falchion "Evipruoff" {drain, rPois rF+}
 58454 | Vaults:1 | You are sucked into a shaft and drop 1 floor!
 58459 | Vaults:2 | Reached XP level 22. HP: 181/181 MP: 36/36
 59326 | Vaults:1 | Found Nufaomer's Magic Scroll Shop.
 59483 | Vaults:2 | Noticed Mara
 59923 | Vaults:2 | Found a transporter.
 59995 | Vaults:2 | Found a transporter.
 60102 | Vaults:2 | Found a staircase to the Crypt.
 60198 | Vaults:2 | Killed Mara
 60199 | Vaults:2 | Reached skill level 10 in Evocations
 60381 | Vaults:2 | Identified the +1 robe of Usaso {Str+2 Dex+3}
 60442 | Vaults:2 | Identified the +0 pair of gloves of a ziggurat {rN++ Int-4
                  | SInv}
 60442 | Vaults:2 | Noticed Nikola
 60453 | Vaults:2 | Killed Nikola
 62725 | Vaults:3 | Identified the +7 sling "Jagief" {freeze, rF+ rN+ Will+
                  | Str+3}
 62733 | Vaults:3 | Reached XP level 23. HP: 177/187 MP: 38/38
 63068 | Vaults:4 | Identified the +2 hand axe of the Arcadian God {spect,
                  | *Rage rCorr Str+4}
 63225 | Vaults:4 | Found Vutampum's Armour Boutique.
 63392 | Vaults:4 | Found a runed translucent door.
 63392 | Vaults:4 | Noticed PaleRider's ghost (veteran KoBr)
 63896 | Vaults:4 | Found Jaloh's Weapon Shop.
 64044 | Vaults:4 | Noticed Margery
 64054 | Vaults:4 | Killed Margery
 64226 | Vaults:4 | Found Tiets's Magic Scroll Emporium.
 64614 | Vaults:2 | Gained mutation: You are vulnerable to heat. (rF-)
                  | [mutagenic glow]
 64627 | Vaults:2 | Gained mutation: You occasionally shout uncontrollably at
                  | your foes. [mutagenic glow]
 64645 | Vaults:2 | Gained mutation: You have hidden genetic defects.
                  | [mutagenic glow]
 64704 | Vaults:2 | Identified the +2 robe of Viegg {rF+ rC+ Int-2}
 64706 | Vaults:2 | Got the Anthology of Ensorcelling and Unholy Arts
 64708 | Vaults:2 | Identified the ring of Ginoucae {AC+4 Str+7 Dex-5 Slay+4
                  | Stlth-}
 64749 | Vaults:2 | Identified the ring "Packi" {rN+ MP+9 Str+4 SInv}
 65000 | Vaults:4 | Killed PaleRider's ghost
 65055 | Vaults:5 | Entered Level 5 of the Vaults
 65055 | Vaults:5 | Noticed a dread lich
 65062 | Vaults:5 | Killed a dread lich
 65076 | Vaults:5 | Gained mutation: You have terrible hidden genetic defects.
                  | [hidden defects]
 65129 | Vaults:5 | Reached XP level 24. HP: 134/194 MP: 11/39
 65135 | Vaults:5 | Noticed an ancient lich
 65141 | Vaults:5 | Reached skill level 15 in Transmutations
 65159 | Vaults:5 | Gained mutation: You are frail. (-10% HP) [hidden defects]
 65159 | Vaults:5 | Lost mutation: You have terrible hidden genetic defects.
                  | [hidden defects expressed]
 65162 | Vaults:5 | Killed an ancient lich
 65179 | Vaults:5 | Identified the +8 long sword of Taxation {flame, rPois}
 65274 | Vaults:4 | Lost mutation: You are agile. (Dex +4, Str/Int -1) [potion
                  | of mutation]
 65274 | Vaults:4 | Lost mutation: Your mind is acute. (Int +4, Str/Dex -1)
                  | [potion of mutation]
 65274 | Vaults:4 | Lost mutation: You are mostly covered in iridescent scales.
                  | (AC +4) [potion of mutation]
 65274 | Vaults:4 | Gained mutation: You frequently scream uncontrollably at
                  | your foes. [potion of mutation]
 65274 | Vaults:4 | Lost mutation: You frequently scream uncontrollably at your
                  | foes. [potion of mutation]
 65275 | Vaults:4 | Lost mutation: You have hidden genetic defects. [potion of
                  | mutation]
 65275 | Vaults:4 | Lost mutation: You passively map a small area around you.
                  | [potion of mutation]
 65275 | Vaults:4 | Lost mutation: You are frail. (-10% HP) [potion of
                  | mutation]
 65275 | Vaults:4 | Lost mutation: You are partially covered in iridescent
                  | scales. (AC +2) [potion of mutation]
 65275 | Vaults:4 | Gained mutation: One of your tentacles bears a spike.
                  | [potion of mutation]
 65332 | Vaults:5 | Noticed a dread lich
 65336 | Vaults:5 | Killed a dread lich
 65578 | Vaults:5 | Identified the +9 mace of Okulim {vorpal, rElec rF+ Dex+2}
 65578 | Vaults:5 | Identified the ring "Zeus" {rPois rN++ rCorr Str+6 Int-2}
 65630 | Vaults:5 | Identified the ring of Feplof {rF+ Will++ Dex+6 Slay+2}
 65649 | Vaults:5 | Reached skill level 15 in Dodging
 65956 | Vaults:5 | Noticed an ancient lich
 65961 | Vaults:5 | Killed an ancient lich
 66191 | Vaults:5 | Got a silver rune of Zot
 66201 | Vaults:5 | Noticed an ancient lich
 66209 | Vaults:5 | Killed an ancient lich
 66217 | Vaults:5 | Identified the +0 helmet "Zaud" {Fly Will+ Stlth+}
 66219 | Vaults:5 | Identified the amulet of the Final Chapter {Reflect Will+
                  | rCorr SH+5}
 66273 | Vaults:5 | Identified the +4 arbalest of Jamuf {penet, rN+ SInv}
 67334 | Elf:1    | Found a runed translucent gate.
 67334 | Elf:1    | Found a runed translucent gate.
 67338 | Elf:1    | Found a runed translucent gate.
 67351 | Elf:1    | Noticed Zoiloeb's ghost (adept CeHu)
 67377 | Elf:1    | Gained mutation: You occasionally lose the ability to read
                  | scrolls when taking damage. [a cacodemon]
 67377 | Elf:1    | Gained mutation: You are occasionally teleported next to
                  | monsters. [a cacodemon]
 67385 | Elf:1    | Killed Zoiloeb's ghost
 67387 | Elf:1    | Reached XP level 25. HP: 145/200 MP: 36/39
 67470 | Elf:1    | Gained mutation: You are frail. (-10% HP) [mutagenic glow]
 67558 | Elf:1    | Identified the +2 pair of boots of the Pleiades {Int+4}
 67565 | Elf:1    | Gained mutation: You are vulnerable to cold. (rC-)
                  | [mutagenic glow]
 67578 | Elf:1    | Lost mutation: You possess an exceptional clarity of mind.
                  | [mutagenic glow]
 67657 | Elf:1    | Gained mutation: You are weak. (Str -2) [mutagenic glow]
 67717 | Elf:1    | Lost mutation: You occasionally shout uncontrollably at
                  | your foes. [potion of mutation]
 67717 | Elf:1    | Lost mutation: One of your tentacles bears a spike. [potion
                  | of mutation]
 67717 | Elf:1    | Gained mutation: One of your tentacles bears a spike.
                  | [potion of mutation]
 67717 | Elf:1    | Gained mutation: You are very weak. (Str -4) [potion of
                  | mutation]
 67717 | Elf:1    | Gained mutation: One of your tentacles bears a nasty spike.
                  | [potion of mutation]
 67718 | Elf:1    | Lost mutation: You are frail. (-10% HP) [potion of
                  | mutation]
 67718 | Elf:1    | Lost mutation: You occasionally lose the ability to read
                  | scrolls when taking damage. [potion of mutation]
 67718 | Elf:1    | Lost mutation: You are occasionally teleported next to
                  | monsters. [potion of mutation]
 67719 | Elf:1    | Lost mutation: You are vulnerable to cold. (rC-) [potion of
                  | mutation]
 67719 | Elf:1    | Lost mutation: You are vulnerable to heat. (rF-) [potion of
                  | mutation]
 67719 | Elf:1    | Gained mutation: You are agile. (Dex +4, Str/Int -1)
                  | [potion of mutation]
 67719 | Elf:1    | Gained mutation: You expend magic power (3 MP) to
                  | strengthen your wands. [potion of mutation]
 67720 | Elf:1    | Lost mutation: You are very weak. (Str -4) [potion of
                  | mutation]
 67720 | Elf:1    | Lost mutation: You expend magic power (3 MP) to strengthen
                  | your wands. [potion of mutation]
 67720 | Elf:1    | Gained mutation: Your magical capacity is low. (-10% MP)
                  | [potion of mutation]
 67720 | Elf:1    | Gained mutation: You passively dampen the noise of your
                  | surroundings. [potion of mutation]
 67721 | Elf:1    | Lost mutation: Your magical capacity is low. (-10% MP)
                  | [potion of mutation]
 67721 | Elf:1    | Lost mutation: One of your tentacles bears a nasty spike.
                  | [potion of mutation]
 67721 | Elf:1    | Lost mutation: You are agile. (Dex +4, Str/Int -1) [potion
                  | of mutation]
 67721 | Elf:1    | Gained mutation: You are partially covered in iridescent
                  | scales. (AC +2) [potion of mutation]
 67722 | Elf:1    | Lost mutation: You are partially covered in iridescent
                  | scales. (AC +2) [potion of mutation]
 67722 | Elf:1    | Lost mutation: One of your tentacles bears a spike. [potion
                  | of mutation]
 67722 | Elf:1    | Lost mutation: You are weak. (Str -2) [potion of mutation]
 67722 | Elf:1    | Gained mutation: You expend magic power (3 MP) to
                  | strengthen your wands. [potion of mutation]
 67722 | Elf:1    | Gained mutation: You have a pair of small antennae on your
                  | head. [potion of mutation]
 68511 | Depths:1 | Entered Level 1 of the Depths
 69073 | Depths:1 | You are sucked into a shaft and drop 1 floor!
 69222 | Depths:2 | Found an ancient bone altar of Kikubaaqudgha.
 69232 | Depths:2 | Found a radiant altar of Vehumet.
 69234 | Depths:2 | Found a shimmering altar of Xom.
 69234 | Depths:2 | Found a hazy altar of Hepliaklqana.
 69235 | Depths:2 | Found a one-way gate leading to the halls of Pandemonium.
 69246 | Depths:2 | Identified the +1 chain mail of Howling Wind {Drain Will+
                  | Regen+ Int+5}
 69364 | Depths:2 | Found a sacrificial altar of Ru.
 69394 | Depths:2 | Found a bloodstained altar of Trog.
 69671 | Depths:2 | Identified the +8 chain mail of the Buccaneer {rPois Str+10
                  | Int-4 Dex-5}
 69898 | Depths:2 | Found a one-way gateway to a ziggurat.
 70447 | Depths:2 | Reached XP level 26. HP: 199/207 MP: 40/40
 70891 | Depths:2 | Found a gateway to Hell.
 70920 | Depths:2 | Found a runed translucent door.
 71608 | Depths:2 | Learned a level 5 spell: Irradiate
 71613 | Depths:2 | Learned a level 4 spell: Olgreb's Toxic Radiance
 71616 | Depths:1 | Identified the +5 quarterstaff "Xyov" {freeze, *Noise
                  | +Blink Str+5 Int+4}
 71882 | Depths:1 | Found a shadowy altar of Dithmenos.
 72110 | Depths:3 | Found a one-way gate to the infinite horrors of the Abyss.
 72425 | Depths:3 | Identified the +8 dagger of Ydicuxen {speed, rElec rN++
                  | Str+4}
 72852 | Depths:4 | Entered Level 4 of the Depths
 73887 | Depths:4 | Found a runed translucent door.
 73951 | Depths:4 | Found a runed translucent door.
 73958 | Depths:4 | Found a runed translucent door.
 73960 | Depths:4 | Found a runed translucent door.
 74016 | Depths:4 | Found a runed translucent door.
 74023 | Depths:4 | Found a runed translucent door.
 74160 | Depths:4 | Found a gate to the Realm of Zot.
 74171 | Depths:4 | Reached XP level 27. HP: 199/213 MP: 41/41
 74932 | Pan      | Entered Pandemonium
 75213 | Pan      | Noticed a seraph
 75218 | Pan      | Killed a seraph
 75222 | Pan      | Found a glowing golden altar of the Shining One.
 75300 | Pan      | Got a demonic rune of Zot
 75301 | Pan      | Identified the +10 mace of Qatygos {vamp, Dex+4}
 75318 | Pan      | Identified the +8 spear of Equivalence {holy, Str+3 SInv}
 75320 | Pan      | Identified the +7 flail "Jeeski" {freeze, Int+2 Stlth+}
 75607 | Pan      | Reached skill level 15 in Spellcasting
 76419 | Pan      | Noticed Usunosch the pandemonium lord
 76436 | Pan      | Killed Usunosch the pandemonium lord
 77199 | Pan      | Noticed Cuegg the pandemonium lord
 77412 | Pan      | Entered the realm of Cerebov.
 77629 | Pan      | decrepitude: hi didnt see you
 77680 | Pan      | Found the +6 sword of Cerebov {flame}
 77680 | Pan      | Noticed Cerebov
 78115 | Pan      | Killed Cerebov
 78204 | Pan      | Identified the +1 scale mail of Ymuydi Tysm {Str+2}
 78291 | Pan      | Identified the +12 longbow of the Seven Thickets {flame,
                  | rC++ rN+ Int+2}
 78318 | Pan      | Identified the +9 halberd of Okawaru, Destroying {venom,
                  | Int+3}
 78344 | Pan      | Identified the +6 chain mail of the Game of Kings {MP+9}
 78367 | Pan      | Identified the +4 trident "Newtbane" {pain, Dex+3}
 78371 | Pan      | Identified the +3 chain mail "Ydinairph" {rC+}
 78415 | Pan      | Got a fiery rune of Zot
 78491 | Pan      | Found a transporter.
 78524 | Pan      | Entered the realm of Gloorx Vloq.
 78542 | Pan      | Identified the ring "Gosouwof" {rElec rCorr AC+4 Str-5}
 78546 | Pan      | Found an exit through the horrors of the Abyss.
 79088 | Pan      | Noticed Gloorx Vloq
 79093 | Pan      | Killed Gloorx Vloq
 79365 | Pan      | Got a dark rune of Zot
 79552 | Pan      | Entered the realm of Lom Lobon.
 79732 | Pan      | Found an exit through the horrors of the Abyss.
 80649 | Pan      | Noticed Lom Lobon
 80655 | Pan      | Killed Lom Lobon
 80783 | Pan      | Got a magical rune of Zot
 80902 | Pan      | Entered the realm of Mnoleg.
 80928 | Pan      | Gained mutation: You are dopey. (Int -2) [a cacodemon]
 81090 | Pan      | Gained mutation: You sometimes lose your temper in combat.
                  | [a cacodemon]
 81104 | Pan      | Lost mutation: You have a pair of small antennae on your
                  | head. [potion of mutation]
 81104 | Pan      | Lost mutation: You expend magic power (3 MP) to strengthen
                  | your wands. [potion of mutation]
 81104 | Pan      | Lost mutation: You sometimes lose your temper in combat.
                  | [potion of mutation]
 81104 | Pan      | Gained mutation: You occasionally lose the ability to drink
                  | potions when taking damage. [potion of mutation]
 81104 | Pan      | Gained mutation: You are very dopey. (Int -4) [potion of
                  | mutation]
 81159 | Pan      | Gained mutation: You sometimes lose the ability to drink
                  | potions when taking damage. [a cacodemon]
 81185 | Pan      | Gained mutation: You occasionally lose the ability to read
                  | scrolls when taking damage. [a neqoxec]
 81192 | Pan      | Lost mutation: You are very dopey. (Int -4) [potion of
                  | mutation]
 81192 | Pan      | Lost mutation: You passively dampen the noise of your
                  | surroundings. [potion of mutation]
 81192 | Pan      | Gained mutation: Your flesh is heat resistant. (rF+)
                  | [potion of mutation]
 81193 | Pan      | Lost mutation: You sometimes lose the ability to drink
                  | potions when taking damage. [potion of mutation]
 81193 | Pan      | Lost mutation: You occasionally lose the ability to read
                  | scrolls when taking damage. [potion of mutation]
 81193 | Pan      | Gained mutation: You are somewhat resistant to further
                  | mutation. [potion of mutation]
 81193 | Pan      | Lost mutation: You are dopey. (Int -2) [potion of mutation]
 81597 | Pan      | Found an exit through the horrors of the Abyss.
 81834 | Pan      | Paralysed by a floating eye for 4 turns
 81912 | Pan      | Reached skill level 15 in Evocations
 82032 | Pan      | Noticed Mnoleg
 82039 | Pan      | Paralysed by a floating eye for 2 turns
 82281 | Pan      | Killed Mnoleg
 82352 | Pan      | Got a glowing rune of Zot
 83035 | Pan      | Identified the +10 trident of Charity {vamp, rF+ rCorr
                  | Dex+2}
 83159 | Pan      | Found an exit through the horrors of the Abyss.
 83302 | Pan      | Noticed Qaelecleb the pandemonium lord
 83653 | Pan      | Noticed Puavy the pandemonium lord
 83661 | Pan      | Killed Puavy the pandemonium lord
 83673 | Depths:2 | Escaped Pandemonium
 83782 | Hell     | Entered the Vestibule of Hell
 83811 | Hell     | Noticed Geryon
 83821 | Hell     | Killed Geryon
 83931 | Hell     | Found a gateway to the freezing wastes of Cocytus.
 84126 | Hell     | Found a gateway to the decaying netherworld of Tartarus.
 84240 | Hell     | Found a gateway to the ashen valley of Gehenna.
 84291 | Hell     | Found a gateway to the Iron City of Dis.
 84662 | Coc:1    | Entered Level 1 of Cocytus
 86959 | Coc:7    | Entered Level 7 of Cocytus
 87276 | Coc:7    | Noticed the Serpent of Hell
 87423 | Coc:7    | Killed the Serpent of Hell
 87648 | Coc:7    | Paralysed by a wendigo for 1 turns
 87806 | Coc:7    | Identified the +7 spear of Undoing {flame, Dex+2}
 87806 | Coc:7    | Noticed Antaeus
 88040 | Coc:7    | Killed Antaeus
 88159 | Coc:7    | Identified the ring "Ostra" {rPois rF+ rC+ rN+}
 88164 | Coc:7    | Got an icy rune of Zot
 88383 | Geh:1    | Entered Level 1 of Gehenna
 89769 | Geh:4    | Learned a level 1 spell: Apportation
 89776 | Geh:4    | Learned a level 6 spell: Statue Form
 89793 | Geh:5    | Reached skill level 1 in Earth Magic
 89957 | Geh:5    | Reached skill level 5 in Earth Magic
 90704 | Geh:7    | Entered Level 7 of Gehenna
 90920 | Geh:7    | Reached skill level 10 in Earth Magic
 91257 | Geh:7    | Found the +7 sceptre of Asmodeus
 91257 | Geh:7    | Noticed Asmodeus
 91266 | Geh:7    | Reached skill level 1 in Translocations
 91286 | Geh:7    | Killed Asmodeus
 91406 | Geh:7    | Got an obsidian rune of Zot
 91840 | Geh:7    | Identified the +5 short sword of the Fool {drain, SInv}
 91841 | Geh:7    | Identified the +0 helmet of Caidwa {rN++ Dex-2}
 92384 | Elf:2    | Bought a manual of Earth Magic for 1200 gold pieces
 92627 | Crypt:1  | Entered Level 1 of the Crypt
 94137 | Crypt:2  | Found a basalt altar of Yredelemnul.
 94724 | Crypt:3  | Entered Level 3 of the Crypt
 95530 | Crypt:3  | Got Kikubaaqudgha's Directory of Iniquitous Magic
 95808 | Crypt:3  | Found the +10 Black Knight's barding {ponderous, rPois rN+}
 95810 | Crypt:3  | Noticed a dread lich
 95818 | Crypt:3  | Killed a dread lich
 95917 | Crypt:3  | Found an ancient bone altar of Kikubaaqudgha.
 96375 | Crypt:3  | Found a staircase to the Tomb.
 96874 | Dis:1    | Entered Level 1 of the Iron City of Dis
 96934 | Dis:1    | Reached skill level 15 in Earth Magic
 97147 | Dis:2    | You are sucked into a shaft and drop 1 floor!
 97195 | Dis:3    | Learned a level 3 spell: Vhi's Electric Charge
 98612 | Dis:7    | Entered Level 7 of the Iron City of Dis
 98891 | Dis:7    | Noticed a juggernaut
 98894 | Dis:7    | Killed a juggernaut
 98895 | Dis:7    | Reached skill level 27 in Fighting
 98902 | Dis:7    | Noticed a juggernaut
 98923 | Dis:7    | Killed a juggernaut
 99987 | Dis:7    | Noticed a juggernaut
 99999 | Dis:7    | Killed a juggernaut
100287 | Dis:7    | Identified the +2 great sword of Hofufa {vamp, *Slow rPois
                  | rCorr Str+7}
100309 | Dis:7    | Identified the +6 arbalest "Hon Suis" {drain, rN+ MP+9
                  | Dex-4}
100701 | Dis:7    | Found the +4 staff of Dispater
100701 | Dis:7    | Noticed Dispater
100803 | Dis:7    | Killed Dispater
100851 | Dis:7    | Got an iron rune of Zot
100854 | Dis:7    | Identified the +0 ring mail "Wextirr" {Stlth+}
100995 | Tar:1    | Entered Level 1 of Tartarus
101033 | Tar:1    | Noticed a dread lich
101040 | Tar:1    | Killed a dread lich
101063 | Tar:1    | You are sucked into a shaft and drop 1 floor!
101854 | Tar:5    | Noticed an ancient lich
101887 | Tar:5    | Killed an ancient lich
102485 | Tar:7    | Entered Level 7 of Tartarus
103232 | Tar:7    | Reached skill level 27 in Dodging
103818 | Tar:7    | Identified the +5 short sword of Vodka {vorpal, rC+ Dex+2}
104227 | Tar:7    | Noticed Ereshkigal
104236 | Tar:7    | Killed Ereshkigal
104291 | Tar:7    | beem: I am beem. For help, type: !beem
104310 | Tar:7    | Identified the +1 chain mail "Oninkuge" {rN+ Dex+2}
104312 | Tar:7    | Identified the +0 pair of boots of Vlad {Rampage +Inv rC++
                  | rN+}
104315 | Tar:7    | Got a bone rune of Zot
104515 | Tar:7    | Reached skill level 27 in Unarmed Combat
104560 | Tar:7    | Identified the +4 buckler of the World {rN+ SInv}
104561 | Tar:7    | Archison: !beem
104562 | Tar:7    | beem: I'm a chat bot that sends commands to the DCSS IRC
                  | knowledge bots. Type !subscribe and I'll watch all your
                  | games; type !unsubscribe to make me go away. Use
                  | !sequellhelp for the original Sequell help command. Bots
                  | with a different name that act similarly are either for ban
                  | evasion or falsely advertising spam and are not the current
                  | beem bot.
104602 | Tar:7    | decrepitude: lol
104713 | Tar:7    | decrepitude: dont think i will do zig
104713 | Tar:7    | decrepitude: trying to get my first 15 runes win
105250 | Tar:7    | Archison: Good luck!
105250 | Tar:7    | Archison: I've never bitten the game yet :/
105602 | Crypt:3  | decrepitude: this part is hardest now
105605 | Tomb:1   | Entered Level 1 of the Tomb of the Ancients
105861 | Tomb:1   | Noticed a royal mummy
105864 | Tomb:1   | Noticed a royal mummy
105882 | Tomb:1   | Identified the ring of Hirog {Fire Int+2 Dex+3}
106011 | Tomb:1   | Killed a royal mummy
106113 | Tomb:1   | Killed a royal mummy
106116 | Tomb:1   | Reached skill level 1 in Staves
106844 | Tomb:2   | Noticed a royal mummy
106844 | Tomb:2   | Noticed a royal mummy
106845 | Tomb:2   | Noticed a royal mummy
106846 | Tomb:2   | Reached skill level 5 in Staves
106853 | Tomb:1   | Noticed a royal mummy
106853 | Tomb:1   | Noticed a royal mummy
106861 | Tomb:1   | Noticed a royal mummy
106866 | Tomb:1   | Killed a royal mummy
106867 | Tomb:1   | Noticed a royal mummy
106878 | Tomb:2   | Noticed a royal mummy
106886 | Tomb:2   | Killed a royal mummy
107014 | Tomb:1   | decrepitude: this place is terrible
107034 | Tomb:3   | Entered Level 3 of the Tomb of the Ancients
107038 | Tomb:3   | Found the +8 longbow "Zephyr" {speed, Dex+3 SInv}
107038 | Tomb:3   | Found the necklace of Bloodlust {*Rage Will++ Int-3 Slay+6}
107060 | Tomb:3   | Noticed a royal mummy
107062 | Tomb:3   | Noticed a royal mummy
107063 | Tomb:3   | Reached skill level 10 in Staves
107070 | Tomb:3   | Killed a royal mummy
107076 | Tomb:3   | Killed a royal mummy
107092 | Tomb:3   | Noticed Khufu
107099 | Tomb:3   | Noticed a royal mummy
107099 | Tomb:3   | Paralysed by a Zot trap for 5 turns
107105 | Tomb:3   | Killed Khufu
107109 | Tomb:3   | Noticed a royal mummy
107111 | Tomb:3   | Killed a royal mummy
107115 | Tomb:3   | Noticed a royal mummy
107116 | Tomb:3   | Noticed a royal mummy
107116 | Tomb:3   | Noticed a royal mummy
107116 | Tomb:3   | Noticed a royal mummy
107116 | Tomb:3   | Noticed a royal mummy
107118 | Tomb:3   | decrepitude: i think i will die
107118 | Tomb:3   | Noticed a royal mummy
107118 | Tomb:3   | Noticed a royal mummy
107118 | Tomb:3   | Gained mutation: You are weak. (Str -2) [mutagenic glow]
107133 | Tomb:3   | Gained mutation: You sometimes lose the ability to drink
                  | potions when taking damage. [mutagenic glow]
107145 | Tomb:3   | Killed a royal mummy
107149 | Tomb:3   | Archison: :(
107165 | Tomb:3   | Killed a royal mummy
107168 | Tomb:3   | Killed a royal mummy
107176 | Tomb:3   | Killed a royal mummy
107183 | Tomb:3   | Noticed a royal mummy
107186 | Tomb:3   | Killed a royal mummy
107191 | Tomb:3   | Killed a royal mummy
107192 | Tomb:3   | Reached skill level 15 in Staves
107202 | Tomb:3   | Killed a royal mummy
107204 | Tomb:3   | Killed a royal mummy
107211 | Tomb:3   | Killed a royal mummy
107238 | Tomb:3   | decrepitude: omg survived for now
107319 | Tomb:3   | Got a golden rune of Zot
107479 | Tomb:3   | Identified the +9 dire flail "Wazon" {spect, rF++ Will-
                  | Dex+4 SInv}
107506 | Tomb:3   | Got the Cyclopedia of the Changing Wayfarer
107508 | Tomb:3   | Identified the +4 scale mail of Temperance {Str+2}
107512 | Tomb:3   | Identified the +8 hand crossbow "Worm's Wrath" {drain,
                  | rPois Str-2 Int+2 Dex+6}
107517 | Tomb:3   | Identified the ring of Diugonk {rF+ Str+3}
107533 | Tomb:3   | Identified the +9 shortbow of Objectivity {vorpal, rPois
                  | Int+5 Dex-4 SInv}
107636 | Tomb:3   | Got the Handbook of Deathly Hoarfrost
107709 | Tomb:3   | Identified the +2 chain mail "Xatach" {rElec Dex+4}
107858 | Tomb:3   | Learned a level 8 spell: Necromutation
107881 | Tomb:2   | Archison: you are amazing!
107886 | Tomb:2   | Archison: I hope I can learn from you
108546 | Zot:1    | Entered Level 1 of the Realm of Zot
108637 | Zot:1    | Identified the +7 glaive "Juonaec" {drain, Str+7 Int+5
                  | Dex-3}
108655 | Zot:1    | Noticed an orb of fire
108674 | Zot:1    | Killed an orb of fire
109299 | Zot:5    | Entered Level 5 of the Realm of Zot
109322 | Zot:5    | Identified the +1 chain mail of Mutualism {rElec rC+ rN+}
109704 | Zot:5    | Noticed an ancient lich
109727 | Zot:5    | Noticed an orb of fire
109730 | Zot:5    | Noticed an ancient lich
109737 | Zot:5    | Killed an ancient lich
109754 | Zot:5    | Noticed an orb of fire
109757 | Zot:5    | Killed an orb of fire
109757 | Zot:5    | Noticed a dread lich
109757 | Zot:5    | Noticed an orb of fire
109757 | Zot:5    | Noticed an ancient lich
109757 | Zot:5    | Noticed an orb of fire
109757 | Zot:5    | Noticed an orb of fire
109763 | Zot:5    | Killed an orb of fire
109763 | Zot:5    | Killed a dread lich
109764 | Zot:5    | Noticed an ancient lich
109764 | Zot:5    | Noticed an orb of fire
109768 | Zot:5    | Killed an orb of fire
109769 | Zot:5    | Killed an orb of fire
109770 | Zot:5    | Killed an ancient lich
109772 | Zot:5    | Killed an ancient lich
109775 | Zot:5    | Killed an orb of fire
109790 | Zot:5    | Killed an ancient lich
109879 | Zot:5    | Got the Orb of Zot
110289 | D:4      | Noticed Mimas the pandemonium lord
110304 | D:3      | Noticed Ifedusib the pandemonium lord
110366 | D:1      | decrepitude: GG
110367 | D:$      | Escaped with the Orb!

Illustrated notes

Levels and vault maps discovered:
D:1:      dpeg_arrival_another_circle, layout_basic, kennysheep_minor_cross
D:2:      layout_rooms, hellmonk_ecumenical_altar_blasted, supply_closet_lemuel
D:3:      layout_loops_ring, uniq_jessica, uniq_grinder
D:4:      layout_loops_ring, grunt_gozag_statues, minmay_temple_entry_slanted,
          chequers_serial_rivers_micro_b, nicolae_wooded_promenade,
          minmay_misc_feat_tower, hangedman_decor_growths,
          minmay_manual_monstrance, uniq_crazy_yiuf_cottage, uniq_robin
D:5:      layout_loops_ring, grunt_ministairs_9, minmay_divided_ellipse
D:6:      layout_basic, bloody_trog, uniq_duvessa
D:7:      layout_layer_cave, nicolae_sif_muna_little_library, serial_shops,
          kennysheep_mini, nicolae_stop_n_shop_2, shop, uniq_menkaure
D:8:      layout_loops_cross, slow_altar_2, hellmonk_lair_entry_icy,
          chequers_decorated_corner
D:9:      layout_basic, grunt_temple_overflow_lords_of_destruction,
          mainiacjoe_overflow_catwalk, serial_glass, glass_columns_a,
          glass_columns_a, item_on_display_a, due_unseen_surprise,
          feat_on_display, uniq_maurice, uniq_erica
D:10:     nicolae_cairo_tiling_large, layout_basic,
          nicolae_wu_jian_immortal_techniques, serial_shops, shop
D:11:     layout_basic, kennysheep_flooded_box, billiards_dpeg
D:12:     layout_roguey, erik_orc_1, hangedman_tell_no_tales
D:13:     layout_cross, serial_shops, nicolae_take_the_stairs,
          kennysheep_cluttered_room
D:14:     layout_basic, david_vaults_3, elyvilon_altar_1
D:15:     gammafunk_depths_entry_grave, layout_irregular_city,
          kennysheep_pointless_box
Temple:   nicolae_temple_great_sept
Lair:1:   layout_chaotic_city, serial_bayou_ford_a, kennysheep_rathole
Lair:2:   layout_small_grid, beast_lair_carwin_7, grunt_megastairs_1
Lair:3:   layout_cave_pods, skrybe_swamp_entry_bodies,
          nicolae_spider_entry_non_spiders, serial_bayou_shore_a,
          serial_bayou_shore_b, serial_bayou_shore_b, serial_bayou_shore_b,
          lemuel_fruit_tree
Lair:4:   layout_cave_pods, nicolae_slime_entry_slimehenge,
          gammafunk_ghost_ooze, infiniplex_staircase_pool_2, uniq_snorg,
          uniq_nessos
Lair:5:   hangedman_lair_caniforms_friends, layout_cave_pods,
          guppyfry_lair_end_dragon, grunt_megastairs_2, serial_bayou_shore_b
Swamp:1:  layout_basic_swamp, evilmike_swamp_ruin_rubble_2,
          infiniplex_staircase_pool
Swamp:2:  layout_basic_swamp, evilmike_swamp_ruin_rubble_1,
          hangedman_swamp_wriggling
Swamp:3:  cheibrodos_swamp_tower_of_moss, layout_basic_swamp,
          evilmike_swamp_ruin_house_4, swamp_pool2
Swamp:4:  swamp_old_school, layout_basic_swamp
Spider:1: layout_spider_delve, uniq_louise, uniq_asterion
Spider:2: layout_spider_delve, uniq_frances, uniq_kirke, uniq_arachne
Spider:3: layout_spider_delve, hangedman_spider_tarantella_strand
Spider:4: spider_rune_water
Slime:1:  layout_caves
Slime:2:  layout_caves, basic_altar, nicolae_slime_welcoming_committee
Slime:3:  layout_caves, basic_altar
Slime:4:  layout_caves
Slime:5
Orc:1:    cheibrodos_orc_guarddog, layout_caves, ebering_ghost_disaster_area
Orc:2:    grunt_orc_gardens, layout_diamond_mine, grunt_orc_garden,
          grunt_orc_garden, grunt_orc_garden, grunt_orc_garden, serial_shops,
          shop, uniq_urug, uniq_josephine
Elf:1:    layout_loops_corners, serial_shops, shop,
          ploomutoo_gammafunk_ghost_potion_laboratory,
          portal_ice_cave_entry_frozen_things, special_room [special_room_orc],
          dreamdust_wishing_well, nicolae_rare_books, uniq_roxanne
Elf:2:    nicolae_elf_blades_splatter_lattice [nicolae_blade_little_rooms],
          layout_geoelf_diagonals, serial_shops, shop, nicolae_shop_self_help,
          uniq_jorgrun
Elf:3:    minmay_elf_hall_hex, layout_rooms, serial_sigils,
          serial_sigils_hangedman_clutch, serial_sigils_hangedman_snap,
          serial_sigils_hangedman_snap, serial_sigils_hangedman_gut,
          serial_sigils_hangedman_gnaw, serial_shops, shop_fountains, shop,
          shop, shop, wad_floor_pattern_untrapped, uniq_aizul
Vaults:1: vaults_room_octagon, grunt_vaults_swirl, ontoclasm_vaults_gateway,
          nicolae_vaults_gold_heap, grunt_vaults_diagonal, v_misc_5,
          v_pattern_4, hangedman_vaults_impose, vaults_mumra_minichess,
          v_misc_14, hangedman_vaults_nodes, nicolae_vaults_sealed_display,
          nicolae_vaults_theta, nicolae_vaults_little_squares_6,
          layout_vaults_maze_snakey, serial_shops, nicolae_shop_hallway_stairs
Vaults:2: nicolae_vaults_three_branches, nicolae_vaults_yaktaur_gun_rack,
          minmay_crypt_entry_simple_plaza, nicolae_vaults_little_squares_1,
          nicolae_vaults_specimen_jars, hangedman_vaults_variations, v_rooms_5,
          gammafunk_its_a_trap, vaults_mumra_hexcomb, v_pattern_1, v_misc_19,
          vaults_dpeg_diagonal, ontoclasm_vaults_tryst, layout_vaults_omnibox,
          uniq_mara, uniq_nikola
Vaults:3: vaults_dpeg_hooks, v_misc_31, v_misc_33, nicolae_vaults_little_ls,
          ontoclasm_vaults_hangar, v_alt_pattern_4, v_pattern_3,
          nicolae_vaults_quartermaster, nicolae_vaults_little_squares_1,
          vaults_room_hallway, vaults_room_pool, dpeg_vaults_monster_box,
          layout_vaults_omnicross
Vaults:4: gammafunk_ghost_grave, v_misc_2, v_misc_15, vaults_dpeg_ring,
          vaults_mumra_hex, nicolae_vaults_alarming, ontoclasm_vaults_bender,
          v_misc_16, hangedman_vaults_pinch, layout_vaults_big_room,
          serial_shops, nicolae_lakefront_shop, shop,
          nicolae_shop_bloodbath_and_beyond, uniq_margery
Vaults:5
Crypt:1:  layout_gridlike, nicolae_crypt_ancient_font, hex_medium,
          st_vampire_maze, grunt_crypt_arrival_split
Crypt:2:  layout_gridlike, lemuel_statue_altar, grunt_megastairs_5,
          lemuel_upstairs_altar
Crypt:3:  evilmike_haunted_forest
Tomb:1
Tomb:2
Tomb:3:   uniq_khufu
Depths:1: layout_roguey, hell_entry, grunt_dithmenos_smoke_and_mirrors,
          infiniplex_staircase_pool_lava, firewood_loft, grunt_megastairs_4
Depths:2: minmay_the_grid_ultimate [minmay_the_grid_prize_inner_circle,
          minmay_the_grid_prize_four_corners, minmay_the_grid_prize_trominoes,
          minmay_the_grid_prize_four_corners_diamond_a,
          minmay_the_grid_square_5x5_shrine2,
          minmay_the_grid_square_5x5_half_checkered,
          minmay_the_grid_square_5x5_forky,
          minmay_the_grid_square_5x5_checkered_sparse,
          minmay_the_grid_square_5x5_dogpile,
          minmay_the_grid_square_5x5_inner_i, minmay_the_grid_square_5x5_v,
          minmay_the_grid_square_5x5_gyroscope,
          minmay_the_grid_square_5x5_empty, minmay_the_grid_square_5x5_moneybag,
          minmay_the_grid_square_5x5_intrusive_squares,
          minmay_the_grid_square_5x5_shuriken,
          minmay_the_grid_square_5x5_hourglass,
          minmay_the_grid_square_5x5_lines, minmay_the_grid_square_5x5_spiral,
          minmay_the_grid_triangle_9x9_thin_v,
          minmay_the_grid_triangle_9x9_empty,
          minmay_the_grid_triangle_9x9_subtriangle,
          minmay_the_grid_triangle_9x9_checkered,
          minmay_the_grid_triangle_9x9_cache,
          minmay_the_grid_triangle_9x9_minimal,
          minmay_the_grid_triangle_9x9_longest,
          minmay_the_grid_triangle_9x9_sprig,
          minmay_the_grid_triangle_9x9_intruding_spiral,
          minmay_the_grid_triangle_9x9_sparse_checkered,
          minmay_the_grid_triangle_9x9_impossible_snake,
          minmay_the_grid_triangle_9x9_windchime,
          minmay_the_grid_triangle_9x9_steps,
          minmay_the_grid_triangle_9x9_flanged_cone,
          minmay_the_grid_triangle_9x9_empty,
          minmay_the_grid_triangle_9x9_alien,
          minmay_the_grid_square_5x5_eight_small, minmay_the_grid_octo_77,
          minmay_the_grid_octo_tetromino_candy, minmay_the_grid_octo_concentric,
          minmay_the_grid_octo_checkered, minmay_the_grid_octo_fan_narrow,
          minmay_the_grid_octo_shrine, minmay_the_grid_octo_vomiting_pacman,
          minmay_the_grid_octo_thin_diamonds, minmay_the_grid_small_cups,
          minmay_the_grid_doors, minmay_the_grid_zigzag_pyramid,
          minmay_the_grid_fan], hell_entry, pan_entry
Depths:3: grunt_twist_and_shout, layout_gridville, minmay_misc_feat_pillars,
          abyss_entry, pf_hell_entry_tar_river
Depths:4: evilmike_zot_entry_castle, layout_basic,
          hangedman_abyss_or_decor_lesser_grid, hell_entry,
          grunt_decor_junction, fountainhead, serial_bayou_shore_b
Hell
Dis:1:    layout_subdivisions
Dis:2:    layout_jigsaw
Dis:3:    nicolae_hells_demon_pit, layout_subdivisions
Dis:4:    layout_regular_city
Dis:5:    layout_subdivisions
Dis:6:    layout_jigsaw
Dis:7:    dis_grunt_layers
Geh:1:    layout_gehenna_pools_basic
Geh:2:    nicolae_geh_lava_swirls, layout_gehenna_pools_triple
Geh:3:    layout_gehenna_lava_caves, lemuel_flamethrower_2
Geh:4:    layout_gehenna_pools_triple, minmay_fire_ice_demons
Geh:5:    nicolae_geh_realm_of_the_lava_sea
Geh:6:    layout_gehenna_lava_caves
Geh:7:    evilmike_geh
Coc:1:    layout_cocytus_delve
Coc:2:    layout_ice_bergs
Coc:3:    layout_cocytus_delve
Coc:4:    layout_cocytus_water_paths
Coc:5:    layout_cocytus_water_paths
Coc:6:    layout_cocytus_water_paths
Coc:7:    coc_grunt
Tar:1:    layout_grid_maze
Tar:2:    layout_honeycomb, nicolae_tar_just_some_guys
Tar:3:    layout_catacombs
Tar:4:    layout_honeycomb, nicolae_tar_cuneiform_city,
          nicolae_tar_honey_rotating
Tar:5:    layout_grid_maze
Tar:6:    layout_catacombs
Tar:7:    tar_minmay_river
Zot:1:    layout_concentric_octagons, zot_minivault_5
Zot:2:    kennysheep_ambush_hall, layout_concentric_octagons
Zot:3:    layout_gridlike, gammafunk_ghost_crypt, hangedman_snake_sidewinding,
          lemuel_elevator
Zot:4:    hangedman_orp_of_zott, layout_basic, grunt_ministairs_8,
          uniq_josephina
Zot:5:    layout_gridlike

Skill      XL: |  1  2  3  4  5  6  7  8  9 10 11 12 13 14 15 16 17 18 19 20 21 22 23 24 25 26 27 |
---------------+----------------------------------------------------------------------------------+-----
Ice Magic      | 1 2 3 5 6 7 |  7.5
Transmutations | 3 4 5 6 8 9 10 12 14 15 16 18 | 18.0
Unarmed Combat | 4 9 12 13 14 17 19 20 27 | 27.0
Spellcasting   | 3 8 10 11 12 13 14 24 | 24.5
Fighting       | 4 10 12 14 15 16 17 20 22 23 27 | 27.0
Dodging        | 8 10 11 12 17 18 27 | 27.0
Poison Magic   | 4 5 6 8 |  8.0
Conjurations   | 6 8 |  8.0
Air Magic      | 2 6 12 15 17 18 19 20 22 24 | 24.7
Evocations     | 8 11 12 14 18 | 18.5
Fire Magic     | 4 |  4.0
Earth Magic    | 16 | 16.8
Translocations | 4 |  4.0
Staves         | 18 | 18.5

Action                   |  1- 3 |  4- 6 |  7- 9 | 10-12 | 13-15 | 16-18 | 19-21 | 22-24 | 25-27 || total
-------------------------+-------+-------+-------+-------+-------+-------+-------+-------+-------++-------
Melee: Unarmed           |    85 |    96 |   203 |   454 |  1152 |   606 |   500 |   540 |  3140 ||  6776
       Constrict         |    26 |     9 |     2 |     1 |     2 |     2 |       |       |    68 ||   110
       Tentacles         |    18 |     9 |       |     1 |     3 |     1 |     4 |       |    74 ||   110
       Kick              |    24 |     7 |     1 |       |       |       |       |       |       ||    32
       Punch             |     2 |     2 |       |       |       |    52 |    74 |    93 |   574 ||   797
       Mace              |       |     8 |     7 |     4 |     6 |       |       |       |       ||    25
       Staff             |       |       |       |       |     2 |     4 |     7 |     1 |   114 ||   128
 Cast: Beastly Appendage |    18 |     4 |     5 |     3 |       |       |       |       |       ||    30
       Wereblood         |    13 |    12 |    26 |    46 |    64 |    30 |    18 |     8 |    64 ||   281
       Ice Form          |       |    11 |    33 |    58 |   114 |    47 |       |       |       ||   263
       Poisonous Vapours |       |       |       |     4 |    39 |   203 |    77 |    20 |       ||   343
       Ignite Poison     |       |       |       |     1 |    39 |   123 |    59 |    22 |     6 ||   250
       Mephitic Cloud    |       |       |       |       |    33 |     2 |       |       |       ||    35
       Freezing Cloud    |       |       |       |       |     9 |    36 |    25 |     8 |    14 ||    92
       Storm Form        |       |       |       |       |       |    72 |    74 |    68 |   412 ||   626
       Swiftness         |       |       |       |       |       |     2 |     1 |       |     1 ||     4
       Maxwell's Capacit |       |       |       |       |       |       |     8 |     4 |    25 ||    37
       Eringya's Noxious |       |       |       |       |       |       |     2 |    14 |     1 ||    17
       Olgreb's Toxic Ra |       |       |       |       |       |       |       |       |    13 ||    13
       Vhi's Electric Ch |       |       |       |       |       |       |       |       |    54 ||    54
       Statue Form       |       |       |       |       |       |       |       |       |    18 ||    18
       Apportation       |       |       |       |       |       |       |       |       |     1 ||     1
       Irradiate         |       |       |       |       |       |       |       |       |     1 ||     1
Invok: Call Merchant     |       |       |       |       |     5 |     2 |       |       |       ||     7
       Potion Petition   |       |       |       |       |       |       |       |       |    32 ||    32
       Bribe Branch      |       |       |       |       |       |       |       |       |     5 ||     5
 Abil: Blinkbolt         |       |       |       |       |       |    19 |    22 |    10 |    59 ||   110
       End Transformatio |       |       |       |       |       |       |     1 |       |     8 ||     9
Evoke: Wand              |       |       |       |    12 |    12 |       |       |       |     7 ||    31
       Phial of floods   |       |       |       |       |     2 |       |       |       |     1 ||     3
       Lightning rod     |       |       |       |       |       |       |       |       |     8 ||     8
       Tin of tremorston |       |       |       |       |       |       |       |       |     4 ||     4
  Use: Scroll            |       |     7 |     7 |     5 |    12 |    13 |     4 |       |    40 ||    88
       Potion            |       |       |       |     1 |     1 |     8 |     1 |     2 |    25 ||    38
 Stab: Sleeping          |     1 |       |       |       |     1 |       |     1 |     1 |       ||     4
       Distracted        |       |       |     1 |     2 |    11 |     3 |     8 |     8 |    44 ||    77
       Confused          |       |       |       |       |     5 |       |       |       |       ||     5
       Invisible         |       |       |       |       |       |       |       |       |     2 ||     2
Armor: Skin              |    15 |    44 |    97 |   158 |   360 |   292 |   147 |    90 |   496 ||  1699
Dodge: Dodged            |    41 |    60 |    99 |   168 |   633 |   678 |   420 |   444 |  3279 ||  5822

Table legend: (Time is in decaauts)
 A = Elapsed time spent in this place.
 B = Non-inter-level travel time spent in this place.
 C = Inter-level travel time spent in this place.
 D = Time resting spent in this place.
 E = Time spent auto-exploring this place.
 F = Levels seen in this place.
 G = Mean time per level.
                   A        B        C        D        E       F      G
               +--------+--------+--------+--------+--------+-----+--------+
         Total | 108819 |  98692 |  10127 |   6802 |  68459 | 114 |  954.6 |
       Dungeon |  20330 |  17162 |   3168 |    659 |  13438 |  15 | 1355.3 |
        Temple |     85 |     75 |     10 |      0 |     63 |   1 |   85.0 |
          Lair |  12257 |  10944 |   1313 |   1020 |   7783 |   5 | 2451.4 |
         Swamp |   4593 |   4366 |    227 |     90 |   3345 |   4 | 1148.2 |
   Spider Nest |   8091 |   7766 |    325 |   1586 |   4929 |   4 | 2022.8 |
    Slime Pits |   3488 |   3113 |    375 |    123 |   2286 |   5 |  697.6 |
  Orcish Mines |   2589 |   2182 |    407 |     52 |   1663 |   2 | 1294.5 |
   Elven Halls |   6812 |   6384 |    428 |    965 |   4230 |   3 | 2270.7 |
        Vaults |   9647 |   8446 |   1201 |    121 |   6843 |   5 | 1929.4 |
         Crypt |   4157 |   3687 |    470 |      0 |   2984 |   3 | 1385.7 |
          Tomb |   2912 |   2651 |    261 |    207 |   1594 |   3 |  970.7 |
        Depths |   6377 |   5604 |    773 |     15 |   4525 |   4 | 1594.2 |
          Hell |   1527 |   1196 |    331 |    337 |    633 |   1 | 1527.0 |
           Dis |   3845 |   3743 |    102 |    240 |   2596 |   7 |  549.3 |
       Gehenna |   3519 |   3365 |    154 |    169 |   2026 |   7 |  502.7 |
       Cocytus |   3266 |   2985 |    281 |    268 |   1929 |   7 |  466.6 |
      Tartarus |   4151 |   3967 |    184 |    253 |   2857 |   7 |  593.0 |
           Zot |   1359 |   1247 |    112 |     15 |    793 |   5 |  271.8 |
         Abyss |   1205 |   1205 |      0 |    371 |    229 |   3 |  401.7 |
   Pandemonium |   8356 |   8356 |      0 |    309 |   3595 |  22 |  379.8 |
      Ice Cave |    244 |    244 |      0 |      0 |    116 |   1 |  244.0 |
               +--------+--------+--------+--------+--------+-----+--------+

Top non-repeatable levels by time:
  Lair:5: 3352 daAuts
Depths:2: 2843 daAuts
   Tar:7: 2734 daAuts
   Elf:3: 2694 daAuts
  Lair:4: 2443 daAuts
  Lair:3: 2429 daAuts
   Elf:1: 2427 daAuts
Spider:4: 2380 daAuts
Vaults:2: 2298 daAuts
  Lair:2: 2281 daAuts
   Dis:7: 2248 daAuts
Spider:3: 2089 daAuts
Vaults:3: 1985 daAuts
 Crypt:3: 1940 daAuts
Spider:2: 1906 daAuts
